 Dungeon Crawl Stone Soup version 0.31-a0-799-g6bc09d010c (webtiles) character file.

Game seed: 13497593140108396438

2586873 Skeral the Skinwalker (level 27, 463/463 HPs)
             Began as a Troll Shapeshifter on Sept 18, 2023.
             Was the Champion of Wu Jian.
             Escaped with the Orb
             ... and 4 runes on Sept 19, 2023!
             The game lasted 04:03:20 (60753 turns).

Skeral the Skinwalker (Troll Shapeshifter)         Turns: 60753, Time: 04:03:21

Health: 463/463    AC: 18    Str: 38    XL:     27
Magic:  31/31      EV: 18    Int:  9    God:    Wu Jian [******]
Gold:   5585       SH:  5    Dex: 19    Spells: 31/38 levels left

rFire   + +          +
                       - Unarmed
rCold   x x .        (shield currently unavailable)
rNeg    . . .        v - melded +8 gold dragon scales {rare}
rPois   +            U - melded +2 hat {Int+3}
rElec   +            D - melded +4 dragonskin cloak
rCorr   .            (gloves unavailable)
SInv    +            (boots unavailable)
Will    +++..        F - amulet of reflection
Stlth   +            f - ring "Qiallu" {Fire rElec}
HPRegen 1.77/turn    T - ring "Kikliok" {rPois Int+3 SInv}
MPRegen 0.22/turn

%: reflection, clarity
@: dragon-form, flying, hasted (expiring), studying 3 skills, very quick
A: dragon claw, dragon scales, breathe fire, flying, boosted hp, giant,
unfitting armour, (claws 3), regeneration 1, (shaggy fur 1), (tough skin 1),
(iridescent scales 1), clarity, (deformed body), strong-willed 1, weak 1, no
potion heal 1, devolution 1
0: Orb of Zot
}: 4/15 runes: decaying, slimy, silver, gossamer
a: Breathe Fire, Begin Untransformation, Renounce Religion, Wall Jump, Serpent's
Lash, Heavenly Storm


You escaped.
You worshipped Wu Jian.
Wu Jian was exalted by your worship.
You were a fearsome dragon!
You visited 11 branches of the dungeon, and saw 55 of its levels.
You visited the Abyss 1 time.
You also visited: Trove, Bailey, Ice Cave and Volcano.

You collected 10609 gold pieces.
You spent 5024 gold pieces at shops.


Innate Abilities, Weirdness & Mutations

You are a fearsome dragon!
You have a powerful clawing attack.
Your giant scaled body is strong and resilient, but less evasive.
You can breathe fire.
You are flying.
Your maximum health is greatly increased.
Your armour is entirely melded.
You are incapable of wielding weapons or throwing items.
You are too large for most types of armour.
((You have claws for hands.))
Your natural rate of healing is unusually fast.
((You are covered in fur. (AC +1)))
((You have tough skin. (AC +1)))
((You are partially covered in iridescent scales. (AC +2)))
You possess an exceptional clarity of mind.
((Armour fits poorly on your strangely shaped body.))
You are strong-willed. (Will+)
You are weak. (Str -2)
Potions are less effective at restoring your health.
You have hidden genetic defects.


   Skills:
 + Level 24.2 Fighting
 - Level 10.0 Throwing
 - Level 5.0 Armour
 - Level 18.0 Dodging
 - Level 25.0 Unarmed Combat
 - Level 6.0 Spellcasting
 - Level 8.0 Translocations
 - Level 5.0 Transmutations
 + Level 25.2 Shapeshifting


You had 31 spell levels left.
You knew the following spells:

 Your Spells              Type           Power      Damage    Failure   Level
a - Apportation           Tloc           34%        N/A       1%          1
p - Passage of Golubria   Tloc           17%        N/A       9%          4
w - Wereblood             Tmut           11%        N/A       4%          2

Your spell library contained the following spells:

 Spells                   Type           Power      Damage    Failure   Level
 Lesser Beckoning         Tloc           34%        N/A       1%          2
 Gell's Gravitas          Tloc           17%        N/A       2%          3
 Teleport Other           Tloc           17%        N/A       2%          3
 Sting                    Tmut/Pois      28%        1d4       8%          1
 Passwall                 Tmut/Erth      5%         N/A       12%         2
 Volatile Blastmotes      Fire/Tloc      28%        2d12      13%         3
 Freeze                   Ice            8%         1d3       22%         1
 Kiss of Death            Conj/Necr      8%         2d6       22%         1
 Necrotise                Necr           8%         1d4       22%         1
 Shock                    Conj/Air       8%         1d3       22%         1
 Summon Small Mammal      Summ           8%         N/A       22%         1
 Cigotuvi's Dreadful Rot  Necr/Pois/Air  4%         N/A       32%         2
 Ensorcelled Hibernation  Hex/Ice        4%         N/A       32%         2
 Jinxbite                 Hex            4%         N/A       32%         2
 Scorch                   Fire           8%         2d5       32%         2
 Static Discharge         Conj/Air       4%         2-3/arc   32%         2
 Sublimation of Blood     Necr           2%         N/A       32%         2
 Ignite Poison            Fire/Tmut/Pois 8%         N/A       34%         3
 Dimensional Bullseye     Hex/Tloc       4%         N/A       38%         4
 Call Canine Familiar     Summ           2%         N/A       54%         3
 Confusing Touch          Hex            2%         N/A       54%         3
 Dazzling Flash           Conj/Hex       4%         N/A       54%         3
 Frozen Ramparts          Ice            4%         1d1       54%         3
 Hailstorm                Conj/Ice       2%         3d3       54%         3
 Inner Flame              Hex/Fire       4%         N/A       54%         3
 Ozocubu's Armour         Ice            2%         N/A       54%         3
 Sigil of Binding         Hex            2%         N/A       54%         3
 Stone Arrow              Conj/Erth      4%         3d7       54%         3
 Summon Guardian Golem    Hex/Summ       2%         N/A       54%         3
 Swiftness                Air            2%         N/A       54%         3
 Vampiric Draining        Necr           2%         2d6       54%         3
 Petrify                  Tmut/Erth      7%         N/A       61%         4
 Summon Forest            Summ/Tloc      4%         N/A       75%         5
 Airstrike                Air            1%         2d(1-17)  91%         4
 Anguish                  Hex/Necr       1%         N/A       91%         4
 Animate Armour           Summ/Erth      4%         N/A       91%         4
 Animate Dead             Necr           2%         N/A       91%         4
 Brom's Barrelling Bould  Conj/Erth      2%         2d3       91%         4
 Cause Fear               Hex            1%         N/A       91%         4
 Dispel Undead            Necr           2%         3d7       91%         4
 Flame Wave               Conj/Fire      4%         2d5       91%         4
 Leda's Liquefaction      Hex/Erth       1%         N/A       91%         4
 Sticky Flame             Conj/Fire      4%         2d3       91%         4
 Summon Lightning Spire   Summ/Air       2%         N/A       91%         4
 Alistair's Intoxication  Tmut/Pois      4%         N/A       91%         5
 Irradiate                Conj/Tmut      3%         3d12      91%         5
 Agony                    Necr           2%         N/A       99%         5
 Borgnjor's Vile Clutch   Necr/Erth      1%         N/A       99%         5
 Fireball                 Conj/Fire      2%         3d4       99%         5
 Iskenderun's Battlesphe  Conj           2%         2d6       99%         5
 Lee's Rapid Deconstruct  Erth           1%         3d4*      99%         5
 Silence                  Hex/Air        1%         N/A       99%         5
 Conjure Ball Lightning   Conj/Air       1%         3x3d6     100%        6
 Death Channel            Necr           1%         N/A       100%        6
 Eringya's Noxious Bog    Tmut/Pois      3%         4d6       100%        6
 Leda's Unmaking          Conj/Erth      1%         9d1       100%        6
 Simulacrum               Ice/Necr       1%         N/A       100%        6
 Starburst                Conj/Fire      2%         6d3       100%        6
 Summon Cactus Giant      Summ           1%         N/A       100%        6
 Enfeeble                 Hex            1%         N/A       100%        7
 Haunt                    Necr/Summ      1%         N/A       100%        7
 Orb of Destruction       Conj           1%         9d5       100%        7
 Ozocubu's Refrigeration  Ice            1%         4d7       100%        7
 Summon Hydra             Summ           1%         N/A       100%        7
 Discord                  Hex            1%         N/A       100%        8
 Disjunction              Tloc           8%         N/A       100%        8
 Ignition                 Fire           2%         3d3       100%        8
 Infestation              Necr           1%         N/A       100%        8
 Lehudib's Crystal Spear  Conj/Erth      1%         10d2      100%        8
 Maxwell's Capacitive Co  Air            1%         ∞         100%        8
 Chain Lightning          Conj/Air       1%         3d1       100%        9
 Fire Storm               Conj/Fire      2%         8d1       100%        9
 Polar Vortex             Ice            1%         N/A       100%        9
 Shatter                  Erth           1%         3d5*      100%        9

Inventory:

Missiles
 w - 41 boomerangs (quivered)
 B - 3 throwing nets {=f!f}
 N - 109 large rocks {=f}
 S - 10 javelins
 Z - 9 silver javelins
Armour
 l - a scarf of resistance
   (You found it in an ice cave)
 v - +8 gold dragon scales (melded) {rare}
   (You took it off Parghit on level 3 of the Realm of Zot)
 D - the +4 dragonskin cloak (melded)
   (You took it off Tiamat on level 3 of the Realm of Zot)

   Avatar's Aegis: It grants the wearer a chance to resist fire, cold, poison,
   electricity, acid, and negative energy.
 G - quicksilver dragon scales {rare}
   (You found it on level 6 of the Dungeon)
 U - a +2 hat of intelligence (melded)
   (You found it on level 4 of the Spider Nest)
Jewellery
 f - the ring "Qiallu" (left foreclaw) {Fire rElec}
   (You took it off a deep elf demonologist on level 3 of the Elven Halls)

   [ring of fire]

   Fire:      It enhances your fire magic.
   rF+:       It protects you from fire.
   rC-:       It makes you vulnerable to cold.
   rElec:     It insulates you from electricity.
 y - a +4 ring of slaying
   (You took it off a draconian annihilator on level 3 of the Realm of Zot)
 C - a ring of protection from cold
   (You bought it in a shop on level 2 of the Orcish Mines)
 F - an amulet of reflection (around neck)
   (You bought it in a shop on level 3 of the Dungeon)
 O - a +4 ring of protection
   (You found it on level 15 of the Dungeon)
 Q - a ring of willpower
   (You found it on level 3 of the Elven Halls)
 R - a ring of resist corrosion
   (You found it on level 3 of the Depths)
 T - the ring "Kikliok" (right foreclaw) {rPois Int+3 SInv}
   (You bought it in a shop on level 2 of the Orcish Mines)

   [ring of poison resistance]

   Int+3:     It affects your intelligence (+3).
   rPois:     It protects you from poison SInv: It lets you see invisible.
Talismans
 I - a talisman of death
   (You bought it in a shop on level 4 of the Vaults)
 W - a dragon-blood talisman (active)
   (You found it on level 4 of the Swamp)
Wands
 a - a wand of digging (29)
   (You found it on level 3 of the Vaults)
 k - a wand of iceblast (68)
   (You found it on level 15 of the Dungeon)
 o - a wand of flame (81)
   (You found it on level 11 of the Dungeon)
 A - a wand of acid (28)
   (You found it on level 9 of the Dungeon)
Scrolls
 c - 5 scrolls of revelation
 e - 15 scrolls of poison {!r}
 g - 3 scrolls of silence {!r}
 h - 16 scrolls of teleportation {@r4}
 j - 9 scrolls of fear
 r - 8 scrolls of fog
 u - 4 scrolls of blinking {!r}
 x - a scroll of enchant armour
 P - 15 scrolls of immolation {!r!r}
 V - a scroll of summoning
Potions
 b - 9 potions of lignification {!q}
 d - 7 potions of enlightenment
 i - 10 potions of heal wounds {@q2}
 m - 3 potions of berserk rage {!q}
 n - 27 potions of curing {@q1}
 p - 13 potions of brilliance
 q - 7 potions of mutation {!q}
 s - 9 potions of haste {@q3}
 t - 8 potions of cancellation
 z - 4 potions of invisibility
 H - 6 potions of attraction {!q}
 J - 4 potions of resistance
 K - 7 potions of might
 M - 7 potions of ambrosia
Miscellaneous
 E - a box of beasts
   (You found it on level 5 of the Vaults)
 L - a phantom mirror
   (You found it on level 5 of the Vaults)
 X - a lightning rod (4/4)
   (You found it on level 2 of the Swamp)

Dungeon Overview and Level Annotations

Branches:
Dungeon (15/15)            Temple (0/1) D:5            Lair (5/5) D:10
  Swamp (4/4) Lair:3       Spider (4/4) Lair:2        Slime (5/5) Lair:4
    Orc (2/2) D:11            Elf (3/3) Orc:2        Vaults (5/5) D:14
  Crypt (3/3) Vaults:3       Tomb (0/3) Crypt:3      Depths (4/4) D:15
    Zot (5/5) Depths:4     Bailey (visited)           IceCv (visited)
Volcano (visited)

Altars:
Ashenzari
Cheibriados
Dithmenos
Elyvilon
Fedhas
Hepliaklqana
Kikubaaqudgha
Makhleb
Nemelex Xobeh
Okawaru
Qazlal
Ru
Vehumet
Wu Jian
Xom
Yredelemnul
Jiyva
Lugonu

Shops:
D:3 [=(   D:14 *   Orc:2 !*[=:   Elf:1 (   Vaults:4 =*   Vaults:5 !
Depths:4 (

Portals:
Hell: Depths:1 Depths:2 Depths:3 Depths:4
Abyss: Slime:4 Depths:3 Depths:4
Pandemonium: Depths:1 Depths:2 Depths:3
Ziggurat: Depths:2

Annotations:
Lair:5 1 runed translucent door, Ehotes's ghost, journeyman SpEn
Swamp:4 2 transporters, riellis1's ghost, adept FoHu
Elf:2 5 runed translucent doors
Zot:2 3 runed translucent doors, 4 transporters, Vyqe's ghost, master MfIE

#.........#####.#
#.##..##..
#.........# #.##
#'######..
###########
####.###.## #..
#.#.......## #..
#...####...####..
##.### ##....##..
#..######..###.#..
##..##....## ###..
#D##...##.# #..
##################
#...............
###
##################
##.## ##.## #...#
#...#
##...###...##
#..#..#..#..# ####
##.###.#.###.##
#...


There were no monsters in sight!


Message History

Your bite misses the lorocyproca.
The lorocyproca hits you but does no damage. 😮 HP[+1]
You hit the lorocyproca but do no damage.
Your tail-slap misses the lorocyproca.
You claw the lorocyproca!! You bite the lorocyproca.
You kill the lorocyproca!
The Council accepts your kill. 😮 HP[+1] 😮 HP[+2]
You regained 2 hp, and now have 324/463 hp. 😮 HP[+1] 😮 HP[+2]
You regained 2 hp, and now have 327/463 hp. 😮 HP[+2]
You regained 2 hp, and now have 329/463 hp. 😮 HP[+2]
You regained 2 hp, and now have 331/463 hp. 😮 HP[+1] 😮 HP[+2]
You regained 2 hp, and now have 334/463 hp. 😮 HP[+2]
You regained 2 hp, and now have 336/463 hp. 😮 HP[+2]
You regained 2 hp, and now have 338/463 hp. 😮 HP[+2]
You regained 2 hp, and now have 340/463 hp. 😮 HP[+1] 😮 HP[+2]
You regained 2 hp, and now have 343/463 hp. 😮 HP[+2]
You regained 2 hp, and now have 345/463 hp.
There is a stone staircase leading up here. 😮 HP[+2]
You regained 2 hp, and now have 347/463 hp.
You fly upwards.
There is a stone staircase leading down here. 😕 HP[+4]
You regained 4 hp, and now have 351/463 hp.
You feel yourself speed up. 😕 HP[+2]
You regained 2 hp, and now have 353/463 hp.
Okay, then.
There is a stone staircase leading up here.
You fly upwards.
There is a stone staircase leading down here.
There is a stone staircase leading up here.
You fly upwards.
There is a stone staircase leading down here.
Your extra speed is starting to run out.
You feel yourself slow down.
You see here the +8 flail "Ofosto" {freeze, Int-5 Dex+4}.
There is a stone staircase leading up here.
You fly upwards.
There is a stone staircase leading down here.
There is a stone staircase leading up here.
You fly upwards.
An Orb Guardian comes into view.
There is a stone staircase leading down here. 😕 HP[+106]
You regained 106 hp, and now have 459/463 hp. 😕 HP[+1] 😕 HP[+2]
You regained 2 hp, and now have 462/463 hp.
You maul the Orb Guardian!!!!
You kill the Orb Guardian!
The Council accepts your kill. 😎 HP[+1]
Your hp is fully restored (463).
You see here a +0 club.
There is a stone staircase leading up here.
You fly upwards.
There is a stone staircase leading down here.
There is a stone staircase leading up here.
You fly upwards.
There is a stone staircase leading down here.
There is a stone staircase leading up here.
You fly upwards.
There is a stone staircase leading down here.
There is a stone staircase leading up here.
You fly upwards.
There is a stone staircase leading down here.
There is an open door here.
There is a stone staircase leading up here.
You fly upwards.
A hell beast comes into view.
There is a stone staircase leading down here.
You feel yourself speed up.
You barely miss the hell beast. You tail-slap the hell beast.
You maul the hell beast!!!!
You kill the hell beast!
The Council accepts your kill.
You're already here!
There is a stone staircase leading down here.
There is an open door, spattered with blood here.
You see here a +0 dagger.
There is an open door here.
Your extra speed is starting to run out.
There is a staircase leading out of the dungeon here.
You have escaped!

Skill      XL: |  1  2  3  4  5  6  7  8  9 10 11 12 13 14 15 16 17 18 19 20 21 22 23 24 25 26 27 |
---------------+----------------------------------------------------------------------------------+-----
Fighting       | 1 2 3 4 5 6 7 8 10 11 12 13 15 16 17 18 19 20 21 22 24 | 24.2
Unarmed Combat | 4 5 6 8 9 10 12 14 15 16 17 18 19 20 21 22 23 24 25 | 25.0
Shapeshifting  | 4 5 7 8 10 13 16 17 20 21 22 23 24 25 | 25.2
Throwing       | 1 4 5 8 10 | 10.0
Dodging        | 2 5 6 7 9 10 11 13 14 16 18 | 18.0
Transmutations | 4 5 |  5.0
Translocations | 4 5 7 8 |  8.0
Spellcasting   | 4 5 6 |  6.0
Armour         | 5 |  5.0

Action                     |  1- 3 |  4- 6 |  7- 9 | 10-12 | 13-15 | 16-18 | 19-21 | 22-24 | 25-27 || total
---------------------------+-------+-------+-------+-------+-------+-------+-------+-------+-------++-------
  Melee: Unarmed           |    99 |    96 |   253 |   514 |   923 |  1237 |  1094 |  1248 |  1325 ||  6789
         Punch             |     2 |     3 |     6 |    34 |   100 |   127 |   131 |   185 |   259 ||   847
         Constrict         |       |       |       |     9 |     6 |    54 |       |       |       ||    69
         Tailslap          |       |       |       |       |       |    24 |   165 |    85 |   124 ||   398
         Bite              |       |       |       |       |       |    21 |   131 |    60 |   103 ||   315
  Throw: Dart              |       |       |     4 |     7 |    25 |   130 |       |       |       ||   166
         Boomerang         |       |       |       |       |    23 |    34 |       |    49 |    20 ||   126
         Large rock        |       |       |       |       |     4 |     4 |       |       |       ||     8
         Javelin           |       |       |       |       |       |       |       |     4 |       ||     4
   Cast: Wereblood         |       |       |       |       |       |       |     1 |       |     2 ||     3
 Invoke: Serpent's Lash    |       |       |     3 |     7 |    13 |     8 |    28 |    28 |    30 ||   117
         Heavenly Storm    |       |       |       |       |       |       |     1 |     1 |     1 ||     3
Ability: Lunge             |     7 |    12 |    34 |    80 |   111 |   141 |   163 |   169 |   167 ||   884
         Whirlwind         |     4 |     6 |    44 |    79 |   111 |    92 |   170 |   120 |   122 ||   748
         Breathe Fire      |       |       |       |       |       |     2 |     4 |     2 |       ||     8
  Evoke: Wand              |       |       |       |     1 |     5 |     4 |     2 |       |     1 ||    13
         Phantom mirror    |       |       |       |       |       |       |       |     1 |       ||     1
    Use: Scroll            |       |       |    14 |     3 |    15 |     7 |     7 |     5 |    22 ||    73
         Potion            |       |       |       |     1 |     1 |     7 |     3 |     5 |    13 ||    30
   Stab: Sleeping          |     2 |       |       |       |       |       |     2 |       |     4 ||     8
         Paralysed         |       |       |       |     1 |     1 |       |       |       |       ||     2
         Petrifying        |       |       |       |     1 |     2 |       |       |       |       ||     3
         Petrified         |       |       |       |       |    15 |       |       |       |       ||    15
         Held in net/web   |       |       |       |       |       |     1 |       |       |       ||     1
         Invisible         |       |       |       |       |       |     3 |       |       |       ||     3
         Distracted        |       |       |       |       |       |       |       |     2 |     1 ||     3
 Armour: Animal skin       |    36 |       |       |       |       |       |       |       |       ||    36
         Robe              |     7 |    38 |    89 |       |       |       |       |       |       ||   134
         Quicksilver drago |       |       |    61 |   281 |   460 |   722 |       |   124 |   194 ||  1842
         Skin              |       |       |       |    18 |    65 |   420 |   624 |   720 |   430 ||  2277
         Gold dragon scale |       |       |       |       |       |       |       |       |   120 ||   120
  Dodge: Dodged            |    44 |    24 |    95 |   136 |   284 |   555 |   236 |   465 |   388 ||  2227
  Block: Other             |       |       |       |       |       |    35 |    99 |   171 |   105 ||   410
         Reflection        |       |       |       |       |       |     1 |    33 |    10 |     4 ||    48
   Form: Beast             |       |     1 |       |       |     1 |     1 |       |       |       ||     3
         Flux              |       |     1 |       |       |       |       |       |       |       ||     1
         Anaconda          |       |       |       |     1 |       |     2 |       |       |       ||     3
         Dragon            |       |       |       |       |       |     1 |     1 |     2 |     3 ||     7
                           |       |       |       |       |       |       |     1 |       |       ||     1
         Statue            |       |       |       |       |       |       |       |     1 |       ||     1
         Death             |       |       |       |       |       |       |       |     1 |     3 ||     4

Levels and vault maps discovered:
D:1:      dpeg_arrival_round_a, layout_basic, serial_curves, eino_curves_03,
          eino_curves_01
D:2:      layout_loops_corners, shapermc_ecumenical_altar_mp_urbaneastern,
          basic_altar, bh_walls_and_bars
D:3:      layout_loops_ring, nemelex_dance_club_becter, lemuel_tele_altar,
          serial_shops, shop, nicolae_shop_back_alley_shop,
          nicolae_shop_tiny_real_fake_doors, minmay_misc_feat_four_crosses,
          corexii_item_surrounded_by_moat, serial_bayou_crossing
D:4:      minmay_recursive_quarters, layout_rooms, kennysheep_okawaru_gauntlet,
          uniq_duvessa
D:5:      layout_rooms, chei_slow_surprise, mainiacjoe_overflow_surrounded_room,
          lemuel_temple_firewalk_b, serial_park_tiny_2,
          minmay_misc_feat_secret_circle, uniq_blork_the_orc
D:6:      layout_basic
D:7:      layout_gridville, mainiacjoe_overflow_paths
D:8:      layout_cave_pools, nicolae_ashenzari_skybound,
          nicolae_yredelemnul_corpse_copse, nicolae_vehumet_radiance,
          enter_bailey_3, serial_park, serial_park_tiny_1, serial_park_square1
          [serial_park_minivault_5x5_4], uniq_psyche
D:9:      layout_cave_pods, nicolae_ru_great_annihilating_truth,
          ploomutoo_gammafunk_ghost_potion_laboratory
D:10:     layout_irregular_city, mainiacjoe_overflow_alcove_4,
          nicolae_elyvilon_temple_path, mainiacjoe_overflow_brackets,
          david_lair_shrubbed
D:11:     layout_loops_ring, zombieorc1_lemuel
D:12:     layout_cave_pools, enter_trove_6, serial_column_ruins,
          column_ruins_hut_pillars, column_ruins_corridor_straight,
          column_ruins_grid_1, column_ruins_grid_1, column_ruins_grid_1,
          column_ruins_open_small, nrook_campfire, hangedman_feature_mirror,
          uniq_frances
D:13:     layout_stronghold, hangedman_corner_corridor
D:14:     layout_loops_ring, hellmonk_vaults_attempted_burglary,
          minmay_misc_feat_x, nicolae_stop_n_shop_1
D:15:     hellmonk_depths_entry_around_the_bend, layout_layer_cave, st_stairs_5,
          minmay_misc_feat_rows, nrook_guardian_serpent_ordinary
Lair:1:   layout_loops_ring, minivault_24
Lair:2:   layout_regular_city, nicolae_spider_entry_lesser_pyramids,
          serial_bayou, serial_bayou_shore_a, serial_bayou_pond_d,
          serial_bayou_ford_a, serial_bayou_lagoon_a, beast_lair_carwin_10
Lair:3:   layout_loops_ring, skrybe_swamp_entry_bodies,
          maelrawn_ghost_gauntlet_escape, kennysheep_rathole
Lair:4:   layout_loops_ring, slime_entry_1, serial_bayou_pond_e,
          eino_small_chamber_without_monster
Lair:5:   grunt_lair_end_beastmaster, layout_loops_ring, portal_ice_cave_rime,
          serial_forest, infiniplex_forest_straight_2,
          infiniplex_forest_clump_tiny, infiniplex_forest_clump_tiny,
          infiniplex_forest_end_double, infiniplex_forest_end_3,
          infiniplex_forest_straight_4, infiniplex_forest_clump_medium,
          ebering_ghost_xom, infiniplex_staircase_pool_2
Swamp:1:  layout_basic_swamp, lemuel_altar_in_water, swamp_pool1
Swamp:2:  layout_basic_swamp, evilmike_swamp_ruin_rubble_1,
          infiniplex_staircase_pool, uniq_kirke
Swamp:3:  layout_basic_swamp, evilmike_swamp_ruin_house_2
Swamp:4:  swamp_old_school, layout_basic_swamp, gammafunk_ghost_arena
Spider:1: cheibrodos_spider_silkery, drop_trap, nicolae_spider_orb_run,
          uniq_azrael
Spider:2: layout_spider_delve, worms_lemuel
Spider:3: layout_spider_delve
Spider:4: guppyfry_spider_rune
Slime:1:  layout_caves, cheibrodos_slime_lost_civilization_4
Slime:2:  layout_caves
Slime:3:  layout_caves
Slime:4:  layout_caves, amcnicky_altar_lugonu_corruption
Slime:5:  slime_pit_nicolae_inversion
Orc:1:    layout_caves, enter_volcano_3
Orc:2:    st_orc_ogre_mass, layout_caves, serial_shops,
          nicolae_shop_tiny_waterfront, uniq_donald
Elf:1:    eino_elf_arrival_customs, layout_geoelf_diagonals,
          minmay_elf_annihilation, hangedman_glass_teeth, minmay_shop_star,
          uniq_louise
Elf:2:    elven_hall_of_blades_hangedman_alternative
          [nicolae_blade_entry_diamond_columns], layout_onion_city, uniq_roxanne
Elf:3:    minmay_elf_hall_dome, layout_geoelf_octagon, basic_altar
Vaults:1: ebering_ghost_disaster_area, nicolae_vaults_network_star,
          nicolae_vaults_mitosis, v_misc_18, v_misc_19, v_misc_13,
          nicolae_vaults_tetromino_Z_2, hangedman_vaults_hat,
          nicolae_vaults_asterisk, ontoclasm_vaults_ring_large,
          hangedman_vaults_unwind, layout_vaults_maze
Vaults:2: vaults_mumra_hexcomb, nicolae_vaults_windows_and_doors_thing,
          v_misc_1, nicolae_vaults_border_crossing,
          nicolae_vaults_disappearing_quadrants, nicolae_vaults_network_square,
          nicolae_vaults_big_ls, serial_ice_b, nicolae_vaults_house_1,
          layout_vaults_omnicross
Vaults:3: blue_anna_dwarven_crypt, v_misc_30, v_misc_10, st_cross,
          vaults_mumra_hex, nicolae_vaults_tetromino_Z_1, vaults_mumra_chevron,
          v_misc_3, nicolae_vaults_house_1, ontoclasm_vaults_ligature,
          vaults_room_stairs_pillars, layout_vaults_chaotic_city, uniq_sojobo,
          uniq_nikola
Vaults:4: ontoclasm_vaults_gateway, vaults_room_fours,
          nicolae_vaults_closet_pinwheel_3, hangedman_vaults_slice,
          nicolae_vaults_shipping_containers_4, hangedman_vaults_river_flow,
          vaults_mumra_chevron_long, hangedman_vaults_maws, v_misc_25,
          grunt_vaults_hallway_short, nicolae_vaults_heart-shaped_vault,
          v_misc_22, nicolae_vaults_octothorpe, nicolae_vaults_trapezoid_3,
          layout_vaults_ring, serial_shops, shop, nicolae_shop_window_shopping
Vaults:5: serial_shops
Crypt:1:  layout_gridlike
Crypt:2:  layout_catacombs
Crypt:3:  grunt_crypt_end_deaths_head, uniq_bai_suzhen, uniq_vv
Depths:1: layout_gridlike, grunt_mini_vestibule, pan_entry,
          ebering_dispersal_statue_hall, minmay_misc_feat_doors,
          patterned_corridor
Depths:2: ragdoll_tomb_raider, layout_basic, enter_ziggurat_a, hell_entry,
          grunt_pan_entry_spiral, infiniplex_staircase_pillars_3a,
          uniq_saint_roka
Depths:3: grunt_x_marks_the_spot, layout_cross, abyss_entry, hell_entry,
          rand_demon_pan_entry_8, kennysheep_flooded_box
Depths:4: lemuel_castle_with_subvaults [lemuel_castle_interior_carwin_1],
          layout_honeycomb, hell_entry, minmay_misc_feat_tower, serial_shops,
          nicolae_shop_tiny_glass, nicolae_abyss_entry_one_way_or_another,
          dk_noncrumbling_4
Zot:1:    layout_gridlike
Zot:2:    kennysheep_blocky_room, layout_twisted_circle,
          gammafunk_ghost_tricky_traps, grunt_ministairs_3,
          nicolae_transporter_intersection
Zot:3:    layout_cellular_growth, hangedman_zot_spectrum, uniq_parghit,
          uniq_tiamat
Zot:4:    kennysheep_ambush_hall, layout_gridlike, hellmonk_body_bag
Zot:5:    layout_twisted_circle

Notes
Turn   | Place    | Note
-------+----------+-------------------------------------------
     0 | D:1      | Skeral the Troll Shapeshifter began the quest for the Orb.
     0 | D:1      | Reached XP level 1. HP: 18/18 MP: 0/0
     0 | D:1      | magus.rc [v1.10.3]
    81 | D:1      | Reached skill level 1 in Fighting
   407 | D:1      | Reached XP level 2. HP: 26/27 MP: 1/1
  1195 | D:2      | Found an ornate altar of the Wu Jian Council.
  1204 | D:2      | Became a worshipper of the Wu Jian Council
  1251 | D:2      | Found a faded altar of an unknown god.
  1455 | D:2      | Reached XP level 3. HP: 35/35 MP: 2/2
  1661 | D:2      | Reached skill level 2 in Fighting
  1721 | D:2      | Reached skill level 4 in Unarmed Combat
  2021 | D:3      | Reached * piety under Wu Jian
  2037 | D:3      | Reached XP level 4. HP: 38/42 MP: 3/3
  2248 | D:3      | Found Zuerog's Weapon Emporium.
  2392 | D:3      | Found a shadowy altar of Dithmenos.
  2447 | D:3      | Found a sparkling altar of Nemelex Xobeh.
  2491 | D:3      | Found Osamn's Jewellery Shoppe.
  2689 | D:3      | Found Niluty's Antique Armour Shop.
  2903 | D:4      | Noticed Duvessa
  2910 | D:4      | Noticed Dowan
  2912 | D:4      | Killed Duvessa
  2913 | D:4      | Reached skill level 3 in Fighting
  2913 | D:4      | Reached skill level 5 in Unarmed Combat
  2913 | D:4      | Reached XP level 5. HP: 40/53 MP: 4/4
  2918 | D:4      | Killed Dowan
  2919 | D:4      | Reached XP level 6. HP: 26/61 MP: 5/5
  3191 | D:4      | Reached ** piety under Wu Jian
  3238 | D:4      | Reached skill level 4 in Fighting
  3405 | D:4      | Reached XP level 7. HP: 24/70 MP: 6/6
  3455 | D:4      | Found an iron altar of Okawaru.
  3538 | D:5      | Entered Level 5 of the Dungeon
  3563 | D:5      | Reached skill level 6 in Unarmed Combat
  3612 | D:5      | Noticed Blork the orc
  3630 | D:5      | Reached skill level 4 in Shapeshifting
  3649 | D:5      | Killed Blork the orc
  3782 | D:5      | Reached skill level 5 in Fighting
  3789 | D:5      | Reached XP level 8. HP: 71/80 MP: 7/7
  3810 | D:5      | Identified the +4 dagger of Kismet {heavy, rN+ rCorr Dex+2}
  3829 | D:5      | Reached skill level 7 in Unarmed Combat
  3881 | D:5      | Found a snail-covered altar of Cheibriados.
  3979 | D:5      | Found a hazy altar of Hepliaklqana.
  3995 | D:5      | Reached *** piety under Wu Jian
  4124 | D:5      | Found a staircase to the Ecumenical Temple.
  4195 | D:6      | Reached skill level 5 in Shapeshifting
  4385 | D:6      | Reached skill level 6 in Fighting
  4837 | D:6      | Reached skill level 8 in Unarmed Combat
  4837 | D:6      | Reached XP level 9. HP: 84/89 MP: 8/8
  4849 | D:6      | D - quicksilver dragon scales {rare}
  4850 | D:6      | You drop quicksilver dragon scales {rare}.
  4851 | D:6      | D - quicksilver dragon scales {rare}
  4862 | D:6      | You finish putting on your quicksilver dragon scales
                  | {rare}.
  4994 | D:7      | Found a blossoming altar of Fedhas.
  5053 | D:7      | Reached skill level 6 in Shapeshifting
  5178 | D:7      | You pick up a book of Death and begin reading...
  5178 | D:7      | You add the spells Animate Dead, Haunt and Infestation to
                  | your library.
  5804 | D:8      | Found a broken altar of Ashenzari.
  5815 | D:8      | Noticed Psyche
  5822 | D:8      | Killed Psyche
  5866 | D:8      | Identified the +8 flail "Ofosto" {freeze, Int-5 Dex+4}
  5872 | D:8      | Reached skill level 7 in Fighting
  5884 | D:8      | Reached skill level 9 in Unarmed Combat
  5986 | D:8      | Noticed a two-headed ogre
  6000 | D:8      | Reached skill level 7 in Shapeshifting
  6024 | D:8      | Killed a two-headed ogre
  6025 | D:8      | Reached XP level 10. HP: 87/102 MP: 9/9
  6062 | D:8      | Found a radiant altar of Vehumet.
  6110 | D:8      | Reached **** piety under Wu Jian
  6128 | D:8      | Found a flagged portal.
  6137 | Bailey   | Entered a bailey
  6138 | Bailey   | magus.rc [v1.10.3]
  6249 | Bailey   | Noticed an orc knight
  6265 | Bailey   | Killed an orc knight
  6340 | Bailey   | Found a large runed translucent door.
  6340 | Bailey   | Found a large runed translucent door.
  6341 | Bailey   | Noticed a deep elf pyromancer
  6386 | Bailey   | Killed a deep elf pyromancer
  6386 | Bailey   | Reached skill level 8 in Fighting
  6386 | Bailey   | Reached skill level 10 in Unarmed Combat
  6386 | Bailey   | Reached skill level 8 in Shapeshifting
  6400 | Bailey   | Identified +1 pearl dragon scales
  6401 | Bailey   | E - +1 pearl dragon scales {rare}
  6449 | D:8      | You drop +1 pearl dragon scales {rare}.
  6450 | D:8      | E - +1 pearl dragon scales {rare}
  6456 | D:8      | You finish taking off your quicksilver dragon scales
                  | {rare}.
  6461 | D:8      | You finish putting on your +1 pearl dragon scales {rare}.
  6466 | D:8      | You finish taking off your +1 pearl dragon scales {rare}.
  6471 | D:8      | You finish putting on your quicksilver dragon scales
                  | {rare}.
  6471 | D:8      | You drop +1 pearl dragon scales {rare}.
  6496 | D:8      | Found a basalt altar of Yredelemnul.
  7174 | D:9      | Found a sacrificial altar of Ru.
  7258 | D:9      | Found a runed translucent gate.
  7258 | D:9      | Found a runed translucent gate.
  7259 | D:9      | Noticed a purple ugly thing
  7259 | D:9      | Noticed a white ugly thing
  7261 | D:9      | Noticed a red ugly thing
  7262 | D:9      | Found a runed translucent gate.
  7262 | D:9      | Noticed a brown ugly thing
  7263 | D:9      | Noticed a cyan ugly thing
  7725 | D:10     | Entered Level 10 of the Dungeon
  7754 | D:10     | Reached XP level 11. HP: 95/111 MP: 10/10
  7755 | D:10     | Found an ornate altar of the Wu Jian Council.
  7897 | D:10     | Noticed a two-headed ogre
  7901 | D:10     | Killed a two-headed ogre
  7957 | D:10     | Reached skill level 9 in Shapeshifting
  8053 | D:10     | Found a burning altar of Makhleb.
  8244 | D:10     | Found a staircase to the Lair.
  8259 | D:10     | Reached skill level 9 in Fighting
  8445 | D:10     | Found a white marble altar of Elyvilon.
  8481 | D:10     | Reached skill level 11 in Unarmed Combat
  8629 | D:11     | Found a staircase to the Orcish Mines.
  8647 | D:11     | Reached ***** piety under Wu Jian
  8850 | D:11     | Noticed a two-headed ogre
  8853 | D:11     | Killed a two-headed ogre
  9449 | Lair:1   | Entered Level 1 of the Lair of Beasts
  9673 | Lair:1   | Reached skill level 10 in Shapeshifting
 10069 | Lair:2   | Reached skill level 12 in Unarmed Combat
 10229 | Lair:2   | Reached skill level 10 in Fighting
 10295 | Lair:2   | Noticed a pharaoh ant
 10301 | Lair:2   | Killed a pharaoh ant
 10301 | Lair:2   | Reached XP level 12. HP: 95/125 MP: 11/11
 10552 | Lair:2   | Found a hole to the Spider Nest.
 10817 | Lair:3   | Reached skill level 13 in Unarmed Combat
 10837 | Lair:3   | Reached skill level 11 in Fighting
 11071 | Lair:3   | Noticed a minotaur
 11123 | Lair:3   | Reached skill level 14 in Unarmed Combat
 11261 | Lair:3   | your quicksilver dragon scales {rare} melds into your body.
 11313 | Lair:3   | Noticed a four-headed hydra
 11317 | Lair:3   | Noticed Lout's ghost (journeyman KoHu)
 11367 | Lair:3   | Found a runed translucent gate.
 11368 | Lair:3   | Found a runed translucent gate.
 11369 | Lair:3   | Found a runed translucent gate.
 11405 | Lair:3   | Found a staircase to the Swamp.
 11419 | Lair:3   | Noticed a catoblepas
 11420 | Lair:3   | Reached skill level 1 in Throwing
 11426 | Lair:3   | Reached skill level 2 in Dodging
 11428 | Lair:3   | Killed a catoblepas
 11429 | Lair:3   | Reached XP level 13. HP: 139/139 MP: 12/12
 11477 | Lair:3   | Reached skill level 2 in Throwing
 11530 | Lair:3   | Reached ****** piety under Wu Jian
 11542 | Lair:3   | Reached skill level 12 in Fighting
 11666 | Lair:3   | Reached skill level 3 in Dodging
 11673 | Lair:3   | You add the spells Summon Forest, Eringya's Noxious Bog and
                  | Summon Hydra to your library.
 12001 | Lair:4   | Reached skill level 3 in Throwing
 12037 | Lair:4   | Found a staircase to the Slime Pits.
 12039 | Lair:4   | Found a viscous altar of Jiyva.
 12046 | Lair:4   | your quicksilver dragon scales {rare} unmelds from your
                  | body.
 12652 | Lair:5   | Entered Level 5 of the Lair of Beasts
 12732 | Lair:5   | Found a frozen archway.
 12742 | Lair:5   | Reached skill level 4 in Dodging
 12796 | Lair:5   | Found a runed translucent door.
 12796 | Lair:5   | Found a shimmering altar of Xom.
 12796 | Lair:5   | Identified the +5 war axe of the Doomed Warrior {chaos,
                  | Will- MP+9 Stlth+}
 12796 | Lair:5   | Noticed Ehotes's ghost (journeyman SpEn)
 12832 | IceCv    | Entered an ice cave
 12840 | IceCv    | Reached skill level 4 in Throwing
 12965 | IceCv    | d - +0 shadow dragon scales {rare}
 13063 | IceCv    | Reached skill level 15 in Unarmed Combat
 13114 | IceCv    | Reached skill level 5 in Dodging
 13288 | IceCv    | Reached XP level 14. HP: 80/150 MP: 13/13
 13314 | IceCv    | HP: 37/150 [ironbound frostheart (33)]
 13474 | IceCv    | You pick up a book of Alchemy and begin reading...
 13474 | IceCv    | You add the spells Sublimation of Blood, Petrify and
                  | Irradiate to your library.
 13702 | Lair:5   | Reached skill level 13 in Fighting
 13855 | Lair:5   | Reached skill level 6 in Dodging
 14015 | Lair:5   | You pick up a book of Flames and begin reading...
 14015 | Lair:5   | You add the spells Inner Flame, Sticky Flame and Flame Wave
                  | to your library.
 14265 | Orc:1    | Entered Level 1 of the Orcish Mines
 14379 | Orc:1    | You fall into a shaft and drop 1 floor!
 14379 | Orc:2    | Entered Level 2 of the Orcish Mines
 14379 | Orc:2    | Found a staircase to the Elven Halls.
 14434 | Orc:1    | Reached skill level 16 in Unarmed Combat
 14574 | Orc:1    | Found a dark tunnel.
 14586 | Volcano  | Entered a volcano
 14881 | Volcano  | Noticed an orb of fire
 14965 | Volcano  | Noticed an orb of fire
 14981 | Volcano  | Identified the -1 helmet "Vieruas" {rF++ rCorr Dex-5}
 15357 | Orc:2    | Noticed Donald
 15416 | Orc:2    | Killed Donald
 15456 | Orc:2    | Found Kewaon's Book Shoppe.
 15533 | Orc:2    | Reached skill level 5 in Throwing
 15579 | Orc:2    | Reached XP level 15. HP: 103/162 MP: 14/14
 15660 | Orc:2    | Reached skill level 14 in Fighting
 15742 | Orc:2    | Reached skill level 7 in Dodging
 15901 | Orc:2    | Reached skill level 6 in Throwing
 16009 | Orc:2    | Found Oblutt's Jewellery Shoppe.
 16009 | Orc:2    | Found Axirarao's Assorted Antiques.
 16009 | Orc:2    | Found Kiahewn's Antique Armour Shop.
 16009 | Orc:2    | Found Moynutor's Distillery.
 16024 | Orc:2    | Bought the ring "Kikliok" {rPois Int+3 SInv} for 525 gold
                  | pieces
 16027 | Orc:2    | Bought a potion of cancellation for 128 gold pieces
 16027 | Orc:2    | Bought a potion of mutation for 128 gold pieces
 16027 | Orc:2    | Bought a potion of enlightenment for 80 gold pieces
 16030 | Orc:2    | Bought a potion of curing for 81 gold pieces
 16031 | Orc:2    | Bought a potion of haste for 160 gold pieces
 16031 | Orc:2    | Bought a potion of curing for 48 gold pieces
 16031 | Orc:2    | Bought a potion of curing for 48 gold pieces
 16031 | Orc:2    | Bought a potion of haste for 160 gold pieces
 16232 | D:11     | HP: 33/163 [large slime creature (31)]
 16461 | D:12     | Noticed Frances
 16550 | D:12     | Killed Frances
 16551 | D:12     | Reached skill level 17 in Unarmed Combat
 16718 | D:12     | Found a sacrificial altar of Ru.
 16759 | D:12     | You pick up a book of the Spheres and begin reading...
 16759 | D:12     | You add the spells Brom's Barrelling Boulder, Iskenderun's
                  | Battlesphere, Fireball, Conjure Ball Lightning and Orb of
                  | Destruction to your library.
 16879 | D:12     | Found a portal to a secret trove of treasure.
 16946 | D:12     | Found a stormy altar of Qazlal.
 17150 | D:12     | magus.rc [v1.10.3]
 17167 | D:12     | You drop +0 shadow dragon scales {rare}.
 17171 | Trove    | Entered a treasure trove
 17187 | Trove    | Identified the ring "Xiushiqe" {Dex+2 SInv}
 17198 | Trove    | You pick up a book of Hexes and begin reading...
 17198 | Trove    | You add the spells Anguish, Cause Fear and Enfeeble to your
                  | library.
 17199 | Trove    | Identified the +3 hat "Suase" {rC- Will+ Str+3 SInv}
 17427 | D:13     | Reached skill level 7 in Throwing
 18170 | D:13     | You pick up a book of the Hunter and begin reading...
 18170 | D:13     | You add the spells Sigil of Binding, Call Canine Familiar,
                  | Dimensional Bullseye and Leda's Liquefaction to your
                  | library.
 18655 | D:14     | Reached skill level 8 in Throwing
 18781 | D:14     | Found a gate to the Vaults.
 18995 | D:14     | Found Duubliw's Assorted Antiques.
 19003 | D:14     | Bought a scroll of identify for 48 gold pieces
 19003 | D:14     | Bought a scroll of blinking for 180 gold pieces
 19018 | D:15     | Entered Level 15 of the Dungeon
 19076 | D:15     | Reached skill level 15 in Fighting
 19083 | D:15     | Reached XP level 16. HP: 176/176 MP: 15/15
 19947 | D:15     | Found a staircase to the Depths.
 19969 | D:15     | Noticed a tengu reaver
 19979 | D:15     | Killed a tengu reaver
 20617 | Spider:1 | Entered Level 1 of the Spider Nest
 20652 | Spider:1 | Reached skill level 18 in Unarmed Combat
 21269 | Spider:1 | Reached skill level 9 in Throwing
 21620 | Spider:1 | Noticed Azrael
 21663 | Spider:1 | You pick up a book of Dreams and begin reading...
 21663 | Spider:1 | You add the spells Jinxbite and Ensorcelled Hibernation to
                  | your library.
 21679 | Spider:1 | Identified the +0 robe of Dramatic Exits {Drain rN+++ rCorr
                  | Int-3}
 21779 | Spider:1 | Reached skill level 16 in Fighting
 21806 | Spider:1 | Identified the +5 orcbow "Ibeit" {antimagic, rF+ Str+4}
 21853 | Spider:1 | Upgraded the game from 0.31-a0-774-g0d66cbabe8 to
                  | 0.31-a0-799-g6bc09d010c
 21853 | Spider:1 | magus.rc [v1.10.3]
 22015 | Spider:2 | Reached skill level 10 in Throwing
 22417 | Spider:2 | Reached XP level 17. HP: 116/188 MP: 16/16
 23379 | Spider:3 | Reached skill level 19 in Unarmed Combat
 23434 | Spider:3 | You pick up a book of Changes and begin reading...
 23729 | Spider:4 | Entered Level 4 of the Spider Nest
 23840 | Spider:3 | your quicksilver dragon scales {rare} melds into your body.
 23940 | Spider:4 | Reached skill level 17 in Fighting
 24184 | Spider:4 | Reached skill level 11 in Shapeshifting
 24230 | Spider:4 | your quicksilver dragon scales {rare} unmelds from your
                  | body.
 24621 | Spider:4 | Reached skill level 12 in Shapeshifting
 25176 | Spider:4 | Reached skill level 13 in Shapeshifting
 25179 | Spider:4 | Got a gossamer rune of Zot
 25288 | Spider:1 | Killed Azrael
 25340 | Swamp:1  | Entered Level 1 of the Swamp
 25442 | Swamp:1  | You pick up a book of Hexes and begin reading...
 25503 | Swamp:1  | your quicksilver dragon scales {rare} melds into your body.
 25530 | Swamp:1  | Found a stormy altar of Qazlal.
 25617 | Swamp:1  | Reached XP level 18. HP: 200/200 MP: 17/17
 25979 | Swamp:2  | You pick up a book of Unlife and begin reading...
 25979 | Swamp:2  | You add the spells Borgnjor's Vile Clutch and Death Channel
                  | to your library.
 26025 | Swamp:2  | Noticed Kirke
 26028 | Swamp:2  | your quicksilver dragon scales {rare} unmelds from your
                  | body.
 26028 | Swamp:2  | your quicksilver dragon scales {rare} melds into your body.
 26099 | Swamp:1  | your quicksilver dragon scales {rare} unmelds from your
                  | body.
 26099 | Swamp:1  | your quicksilver dragon scales {rare} melds into your body.
 26104 | Swamp:2  | Killed Kirke
 26141 | Swamp:2  | Reached skill level 14 in Shapeshifting
 26979 | Swamp:4  | Entered Level 4 of the Swamp
 26990 | Swamp:4  | Identified the +3 trident of Otseweca {venom, rF+}
 27021 | Swamp:4  | Found a transporter.
 27025 | Swamp:4  | Noticed riellis1's ghost (adept FoHu)
 27038 | Swamp:4  | your quicksilver dragon scales {rare} unmelds from your
                  | body.
 27038 | Swamp:4  | your quicksilver dragon scales {rare} melds into your body.
 27251 | Orc:2    | Bought a ring of protection from cold for 350 gold pieces
 27257 | Orc:2    | Learned a level 2 spell: Wereblood
 27458 | D:3      | Bought an amulet of reflection for 390 gold pieces
 27634 | D:9      | Found a runed translucent gate.
 27634 | D:9      | Found a runed translucent gate.
 27640 | D:9      | Found a runed translucent gate.
 27640 | D:9      | Noticed DocEon's ghost (novice DrSh)
 27657 | D:9      | Killed DocEon's ghost
 27658 | D:9      | Reached skill level 15 in Shapeshifting
 27872 | Lair:3   | Killed Lout's ghost
 28073 | Swamp:4  | Found a transporter.
 28382 | Swamp:4  | Reached skill level 16 in Shapeshifting
 28425 | Swamp:4  | Noticed the 27-headed Lernaean hydra
 28583 | Swamp:4  | Killed the 26-headed Lernaean hydra
 28762 | Swamp:4  | Got a decaying rune of Zot
 29263 | Vaults:1 | Entered Level 1 of the Vaults
 29396 | Vaults:1 | You pick up a book of Frost and begin reading...
 29396 | Vaults:1 | You add the spells Freeze, Frozen Ramparts and Hailstorm to
                  | your library.
 29498 | Vaults:1 | You pick up a book of Annihilations and begin reading...
 29498 | Vaults:1 | You add the spells Chain Lightning, Fire Storm and Shatter
                  | to your library.
 29530 | Vaults:1 | Reached XP level 19. HP: 209/209 MP: 18/18
 29544 | Vaults:1 | Reached skill level 1 in Transmutations
 29753 | Vaults:1 | Found a large runed translucent door.
 29753 | Vaults:1 | Found a large runed translucent door.
 29754 | Vaults:1 | Noticed Selrock's ghost (adept GrFi)
 29766 | Vaults:1 | Killed Selrock's ghost
 29898 | Vaults:1 | Paralysed by a formless jellyfish for 1 turns
 29993 | Vaults:1 | Paralysed by a sphinx for 2 turns
 30345 | Vaults:2 | Reached skill level 8 in Dodging
 30347 | Vaults:2 | Reached skill level 2 in Transmutations
 30359 | Vaults:2 | You pick up a book of Party Tricks and begin reading...
 30359 | Vaults:2 | You add the spells Apportation and Alistair's Intoxication
                  | to your library.
 30842 | Vaults:2 | Reached skill level 3 in Transmutations
 31123 | Vaults:2 | Identified the +6 scale mail "Exeot" {rElec rN++ Int-4}
 31755 | Vaults:2 | Paralysed by a formless jellyfish for 1 turns
 31927 | Vaults:2 | Reached skill level 4 in Transmutations
 32058 | Vaults:2 | magus.rc [v1.10.3]
 32116 | Vaults:3 | Reached skill level 9 in Dodging
 32192 | Vaults:3 | Identified the +1 pair of gloves of Valyas {Harm rF+}
 32192 | Vaults:3 | Noticed Nikola
 32199 | Vaults:3 | Killed Nikola
 32200 | Vaults:3 | Reached skill level 17 in Shapeshifting
 32389 | Vaults:3 | Found a staircase to the Crypt.
 32391 | Vaults:3 | Reached XP level 20. HP: 221/221 MP: 19/19
 32401 | Vaults:3 | Reached skill level 20 in Unarmed Combat
 32497 | Vaults:3 | You pick up a book of Chaos and begin reading...
 32497 | Vaults:3 | You add the spells Disjunction and Discord to your library.
 32509 | Vaults:3 | Noticed Sojobo
 32513 | Vaults:3 | Killed Sojobo
 32559 | Vaults:3 | Identified the +5 flail "Ceuwupu" {flame, Fragile rPois
                  | Str+4 SInv}
 32833 | Vaults:3 | You pick up a book of the Moon and begin reading...
 32833 | Vaults:3 | You add the spells Passage of Golubria, Silence and
                  | Lehudib's Crystal Spear to your library.
 32839 | Vaults:3 | Learned a level 4 spell: Passage of Golubria
 32940 | Vaults:3 | Reached skill level 5 in Transmutations
 32941 | Vaults:3 | Reached skill level 1 in Translocations
 32945 | Vaults:3 | Reached skill level 18 in Fighting
 33048 | Vaults:3 | Paralysed by a formless jellyfish for 1 turns
 33158 | Vaults:3 | Paralysed by a sphinx for 5 turns
 33552 | Vaults:4 | G - quicksilver dragon scales (melded) {rare}
 33563 | Vaults:4 | your quicksilver dragon scales {rare} unmelds from your
                  | body.
 33586 | Vaults:4 | your quicksilver dragon scales {rare} melds into your body.
 33690 | Vaults:4 | You pick up a book of Callings and begin reading...
 33690 | Vaults:4 | You add the spells Summon Small Mammal and Summon Guardian
                  | Golem to your library.
 33853 | Vaults:4 | Reached skill level 1 in Spellcasting
 33903 | Vaults:4 | Reached skill level 2 in Translocations
 33914 | Vaults:4 | Found Peczus's Jewellery Emporium.
 34042 | Vaults:4 | Reached skill level 2 in Spellcasting
 34181 | Vaults:4 | Reached skill level 10 in Dodging
 34367 | Vaults:4 | You pick up a book of Touch and begin reading...
 34367 | Vaults:4 | You add the spells Kiss of Death, Confusing Touch and
                  | Dispel Undead to your library.
 34531 | Vaults:4 | Paralysed by a sphinx for 3 turns
 34540 | Vaults:4 | Reached skill level 3 in Translocations
 34544 | Vaults:4 | Reached skill level 3 in Spellcasting
 34881 | Vaults:4 | Found Jaferchee's General Store.
 34884 | Vaults:4 | Bought a potion of curing for 63 gold pieces
 34884 | Vaults:4 | Bought a scroll of teleportation for 63 gold pieces
 35232 | Elf:1    | Entered Level 1 of the Elven Halls
 35260 | Elf:1    | You pick up a book of Necromancy and begin reading...
 35260 | Elf:1    | You add the spells Necrotise, Vampiric Draining and Agony
                  | to your library.
 35466 | Elf:1    | Got a vellum book
 35735 | Elf:1    | Found Ysifa's Weapon Shop.
 35792 | Elf:1    | Reached skill level 4 in Spellcasting
 36186 | Elf:1    | Reached skill level 4 in Translocations
 36385 | Elf:2    | Noticed Roxanne
 36446 | Elf:2    | Reached XP level 21. HP: 231/231 MP: 26/26
 36546 | Elf:2    | Killed Roxanne
 36661 | Elf:2    | Found a huge runed translucent gate.
 36663 | Elf:2    | Found a huge runed translucent gate.
 36663 | Elf:2    | Found a huge runed translucent gate.
 36664 | Elf:2    | Found a huge runed translucent gate.
 36664 | Elf:2    | Found a huge runed translucent gate.
 36740 | Elf:2    | Reached skill level 18 in Shapeshifting
 36785 | Elf:2    | Identified a scroll of acquirement
 36793 | Elf:2    | Acquired a manual of Shapeshifting
 37123 | Elf:2    | Reached skill level 5 in Translocations
 37317 | Elf:2    | magus.rc [v1.10.3]
 37355 | Elf:3    | Entered Level 3 of the Elven Halls
 37355 | Elf:3    | Found an ancient bone altar of Kikubaaqudgha.
 37869 | Elf:2    | magus.rc [v1.10.3]
 37877 | Elf:3    | Reached skill level 19 in Fighting
 37898 | Elf:3    | Reached skill level 19 in Shapeshifting
 38448 | Elf:3    | You are cast into the Abyss!
 38448 | Abyss:3  | Cast into level 3 of the Abyss (a deep elf sorcerer)
 38512 | Abyss:3  | Found a corrupted altar of Lugonu.
 38520 | Abyss:3  | Found a corrupted altar of Lugonu.
 38520 | Abyss:3  | Found a corrupted altar of Lugonu.
 38757 | Abyss:4  | Reached skill level 20 in Shapeshifting
 38781 | Elf:3    | You pass through the gate.
 38781 | Elf:3    | Escaped the Abyss
 38966 | Elf:3    | Identified the ring "Qiallu" {Fire rElec}
 39005 | Elf:3    | Identified the amulet "Ufes" {Faith rPois Dex-3 Stlth+}
 39070 | Elf:3    | Found the amulet of Vitality {RegenMP++ Regen++}
 39074 | Elf:3    | Identified the +0 helmet of Hiokehef {Regen+ rCorr Int-3}
 39086 | Elf:3    | Identified the +10 dagger of Wariness {heavy, rN+ rCorr
                  | Str+3}
 39100 | Elf:3    | You pick up a book of Armaments and begin reading...
 39100 | Elf:3    | You add the spells Stone Arrow and Animate Armour to your
                  | library.
 39117 | Elf:3    | You pick up a book of Decay and begin reading...
 39174 | Elf:3    | Identified the ring of Ewainage {Ice rCorr SInv}
 39200 | Elf:3    | You pick up a rare book and begin reading...
 39200 | Elf:3    | You add the spells Sting and Ozocubu's Armour to your
                  | library.
 39200 | Elf:3    | Got a rare book
 39205 | Elf:3    | Identified the +0 sling "Piczelui" {elec, rN+ Int+3 Stlth+}
 39482 | Depths:1 | Entered Level 1 of the Depths
 39546 | Depths:1 | magus.rc [v1.10.3]
 39586 | Depths:1 | Reached XP level 22. HP: 245/245 MP: 27/27
 39648 | Depths:1 | Found a gateway to Hell.
 39861 | Vaults:4 | Bought a talisman of death for 1705 gold pieces
 39876 | Vaults:5 | Entered Level 5 of the Vaults
 39885 | Vaults:5 | Reached skill level 21 in Shapeshifting
 40068 | Vaults:5 | Noticed an ancient lich
 40222 | Vaults:4 | Killed an ancient lich
 40223 | Vaults:4 | Reached skill level 20 in Fighting
 40325 | Vaults:5 | Identified the +3 mace of Equilibrium {venom, *Slow rCorr
                  | Dex+4}
 40461 | Vaults:5 | +0 shadow dragon scales {rare}; a shadow dragon corpse
 40466 | Vaults:5 | Got a silver rune of Zot
 40487 | Vaults:5 | HP: 78/355 [frost giant/bolt of cold (36)]
 40488 | Vaults:5 | HP: 38/355 [vault warden/+0 great sword of flaming (2)]
 40499 | Vaults:5 | HP: 64/355 [ironbound preserver/+4 heavy morningstar (32)]
 40876 | Vaults:5 | Identified the +12 orcbow "Ebiynoah" {drain, rF+ rC+ Will-}
 41005 | Vaults:5 | Found Gext's Distillery.
 41010 | Vaults:5 | Reached skill level 11 in Dodging
 41014 | Vaults:5 | Identified the +5 mace of the Radish {venom, Will+}
 41017 | Vaults:5 | You pick up a book of Burglary and begin reading...
 41017 | Vaults:5 | You add the spells Passwall and Swiftness to your library.
 41022 | Vaults:5 | Bought a potion of enlightenment for 85 gold pieces
 41022 | Vaults:5 | Bought a potion of enlightenment for 85 gold pieces
 41022 | Vaults:5 | Bought a potion of curing for 51 gold pieces
 41022 | Vaults:5 | Bought a potion of heal wounds for 85 gold pieces
 41022 | Vaults:5 | Bought a potion of mutation for 136 gold pieces
 41022 | Vaults:5 | Bought a potion of heal wounds for 85 gold pieces
 41022 | Vaults:5 | Bought 2 potions of haste for 340 gold pieces
 41161 | Vaults:4 | magus.rc [v1.10.3]
 41382 | Vaults:5 | You pick up a book of Air and begin reading...
 41382 | Vaults:5 | You add the spells Shock and Airstrike to your library.
 41397 | Vaults:5 | Identified the +5 flail "Bealoaz" {antimagic, Int+7}
 41677 | Vaults:5 | Got a blackened book
 41680 | Vaults:5 | Identified the ring "Qeunoro" {MP+9 SInv}
 41684 | Vaults:5 | You pick up a book of Storms and begin reading...
 41689 | Vaults:5 | Identified the +6 dagger of Wyenih {flame, Will+ Stlth+}
 41692 | Vaults:5 | Identified the +0 dagger of Destiny {heavy, Fly}
 41770 | Vaults:5 | +0 shadow dragon scales {rare}; a shadow dragon corpse
 41786 | Vaults:5 | You pick up a book of Scorching and begin reading...
 41786 | Vaults:5 | You add the spells Scorch and Summon Cactus Giant to your
                  | library.
 41788 | Vaults:5 | You pick up a book of the Earth and begin reading...
 41788 | Vaults:5 | You add the spells Lee's Rapid Deconstruction and Leda's
                  | Unmaking to your library.
 41795 | Vaults:5 | You add the spells Ignite Poison and Ignition to your
                  | library.
 42034 | Crypt:1  | Entered Level 1 of the Crypt
 42074 | Crypt:1  | your quicksilver dragon scales {rare} unmelds from your
                  | body.
 42074 | Crypt:1  | your quicksilver dragon scales {rare} melds into your body.
 42317 | Crypt:1  | Noticed a curse skull
 42320 | Crypt:1  | Killed a curse skull
 42635 | Crypt:1  | Reached skill level 21 in Unarmed Combat
 42725 | Crypt:1  | You pick up a book of the Spheres and begin reading...
 42913 | Crypt:2  | Reached XP level 23. HP: 254/254 MP: 28/28
 43189 | Crypt:2  | Learned a level 1 spell: Apportation
 43728 | Crypt:3  | Entered Level 3 of the Crypt
 43778 | Crypt:3  | Reached skill level 6 in Translocations
 43834 | Crypt:3  | Found a basalt altar of Yredelemnul.
 43856 | Crypt:3  | Noticed Bai Suzhen
 43867 | Crypt:3  | Killed Bai Suzhen
 43868 | Crypt:3  | Reached skill level 12 in Dodging
 43870 | Crypt:3  | Noticed Vv
 43905 | Crypt:3  | Killed Vv
 44100 | Crypt:3  | Reached skill level 22 in Shapeshifting
 44433 | Crypt:3  | You pick up a book of Air and begin reading...
 44647 | Crypt:3  | Identified the +0 pair of boots of Orthodoxy {Str+2}
 44709 | Crypt:3  | Reached skill level 7 in Translocations
 44822 | Crypt:3  | Identified the +7 great sword of the Beast {flame, MP+9
                  | Str+3 Dex+3}
 44868 | Crypt:3  | Found a staircase to the Tomb.
 44868 | Crypt:3  | Noticed a curse skull
 44870 | Crypt:3  | Killed a curse skull
 45250 | Depths:1 | your quicksilver dragon scales {rare} unmelds from your
                  | body.
 45250 | Depths:1 | your quicksilver dragon scales {rare} melds into your body.
 45727 | Depths:1 | Found a one-way gate leading to the halls of Pandemonium.
 46016 | Depths:2 | Noticed Saint Roka
 46025 | Depths:2 | Killed Saint Roka
 46292 | Depths:2 | Noticed a royal mummy
 46304 | Depths:2 | Killed a royal mummy
 46321 | Depths:2 | your quicksilver dragon scales {rare} unmelds from your
                  | body.
 46361 | Depths:2 | Noticed a royal mummy
 46374 | Depths:2 | Killed a royal mummy
 46375 | Depths:2 | Reached skill level 13 in Dodging
 46375 | Depths:2 | Reached XP level 24. HP: 251/265 MP: 28/28
 46383 | Depths:2 | Identified the +7 flail of Eternal Vigilance {pain, rElec
                  | Will+ Dex+4}
 46424 | Depths:2 | Noticed a royal mummy
 46437 | Depths:2 | Killed a royal mummy
 46586 | Depths:2 | Reached skill level 22 in Unarmed Combat
 46947 | Depths:2 | Found a one-way gateway to a ziggurat.
 47066 | Depths:3 | Reached skill level 8 in Translocations
 47461 | Depths:3 | Identified +0 gold dragon scales
 47463 | Depths:3 | +0 gold dragon scales {rare}; a golden dragon corpse
 47532 | Depths:3 | Found a one-way gate to the infinite horrors of the Abyss.
 47549 | Depths:3 | Reached skill level 23 in Shapeshifting
 47689 | Depths:3 | Reached skill level 14 in Dodging
 48125 | Depths:3 | Identified the +4 ring mail of Fist {Int+4}
 48218 | Depths:4 | Entered Level 4 of the Depths
 48290 | Depths:4 | Found Ygapefew's Antique Weapon Shoppe.
 48330 | Depths:4 | Noticed Louise
 48332 | Depths:4 | Killed Louise
 48355 | Depths:4 | Noticed a caustic shrike
 48358 | Depths:4 | Noticed a caustic shrike
 48360 | Depths:4 | Killed a caustic shrike
 48368 | Depths:4 | Killed a caustic shrike
 48403 | Depths:4 | Noticed a caustic shrike
 48414 | Depths:4 | Killed a caustic shrike
 48497 | Depths:4 | your quicksilver dragon scales {rare} melds into your body.
 48510 | Depths:4 | Noticed a caustic shrike
 48518 | Depths:4 | Killed a caustic shrike
 48770 | Depths:4 | Noticed a juggernaut
 48775 | Depths:4 | Killed a juggernaut
 48835 | Depths:4 | Reached skill level 5 in Spellcasting
 48847 | Depths:4 | +0 storm dragon scales {rare}; a storm dragon corpse
 49005 | Depths:4 | Identified +0 gold dragon scales
 49007 | Depths:4 | +0 gold dragon scales {rare}; a golden dragon corpse
 49007 | Depths:4 | V - +0 gold dragon scales {rare}
 49421 | Depths:4 | Reached XP level 25. HP: 259/274 MP: 30/30
 49533 | Depths:4 | Reached skill level 6 in Spellcasting
 49543 | Depths:4 | Found a gate to the Realm of Zot.
 49586 | Depths:4 | Found the +3 robe of Clouds {*Thunder rCloud rElec}
 49661 | Depths:4 | Identified the +0 ring mail "Umompe" {+Inv MP+9}
 49690 | Depths:4 | You pick up a book of Changes and begin reading...
 50170 | Slime:1  | Entered Level 1 of the Pits of Slime
 50249 | Slime:1  | your quicksilver dragon scales {rare} unmelds from your
                  | body.
 50263 | Slime:1  | You finish taking off your quicksilver dragon scales
                  | {rare}.
 50268 | Slime:1  | You finish putting on your +0 gold dragon scales {rare}.
 50273 | Slime:1  | You finish taking off your +0 gold dragon scales {rare}.
 50278 | Slime:1  | You finish putting on your quicksilver dragon scales
                  | {rare}.
 51365 | Slime:5  | Entered Level 5 of the Pits of Slime
 51680 | D:15     | You drop +0 gold dragon scales {rare}.
 52058 | Slime:5  | Noticed the Royal Jelly
 52093 | Slime:5  | Reached skill level 23 in Unarmed Combat
 52120 | Slime:5  | Reached skill level 24 in Shapeshifting
 52549 | Slime:4  | Found a corrupted altar of Lugonu.
 52828 | Slime:5  | Reached skill level 21 in Fighting
 52892 | Slime:5  | Found a viscous altar of Jiyva.
 53044 | Slime:5  | Killed the Royal Jelly
 53057 | Slime:4  | HP: 68/278 [spore (24)]
 53261 | Slime:5  | your quicksilver dragon scales {rare} melds into your body.
 53354 | Slime:5  | You pick up a book of Ice and begin reading...
 53354 | Slime:5  | You add the spells Simulacrum, Ozocubu's Refrigeration and
                  | Polar Vortex to your library.
 53396 | Slime:5  | Got a peculiar book
 53488 | Slime:5  | Got a slimy rune of Zot
 53491 | Slime:5  | Identified the +2 war axe of Keucaemp {flame, Fly rN+ Str-2
                  | Dex+3}
 53502 | Slime:5  | Identified the +1 ring mail "Qyaff" {Int+2}
 53557 | Slime:5  | Got a faded book
 54030 | Zot:1    | Entered Level 1 of the Realm of Zot
 54126 | Zot:1    | Noticed an orb of fire
 54131 | Zot:1    | Killed an orb of fire
 54490 | Zot:1    | +0 shadow dragon scales {rare}; a shadow dragon corpse
 54545 | Zot:1    | You pick up a book of Blood and begin reading...
 54597 | Zot:1    | +0 shadow dragon scales {rare}; a shadow dragon corpse
 54690 | Zot:1    | Noticed an orb of fire
 54698 | Zot:1    | Gained mutation: You occasionally lose the ability to read
                  | scrolls when taking damage. [an orb of fire]
 54701 | Zot:1    | Killed an orb of fire
 54916 | Zot:1    | Lost mutation: You occasionally lose the ability to read
                  | scrolls when taking damage. [potion of mutation]
 54916 | Zot:1    | Gained mutation: You are covered in thick fur. (AC +2)
                  | [potion of mutation]
 54916 | Zot:1    | Gained mutation: You possess an exceptional clarity of
                  | mind. [potion of mutation]
 54916 | Zot:1    | Gained mutation: You are weak. (Str -2) [potion of
                  | mutation]
 54936 | Zot:2    | Noticed an electric golem
 54936 | Zot:2    | Found a runed translucent gate.
 54987 | Zot:2    | Reached XP level 26. HP: 288/288 MP: 31/31
 55036 | Zot:2    | Found a runed translucent gate.
 55036 | Zot:2    | Found a runed translucent gate.
 55036 | Zot:2    | Noticed an electric golem
 55038 | Zot:2    | Noticed Vyqe's ghost (master MfIE)
 55124 | Zot:2    | +0 shadow dragon scales {rare}; a shadow dragon corpse
 55182 | Zot:2    | Found a transporter.
 55265 | Zot:2    | Found a transporter.
 55321 | Zot:2    | Found a transporter.
 55339 | Zot:2    | Found a transporter.
 55378 | Zot:2    | +0 shadow dragon scales {rare}; a shadow dragon corpse
 55419 | Zot:2    | quicksilver dragon scales {rare}; a quicksilver dragon
                  | corpse
 55421 | Zot:2    | Identified +0 gold dragon scales
 55423 | Zot:2    | +0 gold dragon scales {rare}; a golden dragon corpse
 55429 | Zot:2    | Noticed an orb of fire
 55434 | Zot:2    | Killed an orb of fire
 55440 | Zot:2    | You pick up a book of Party Tricks and begin reading...
 55482 | Zot:2    | You pick up a book of Spectacle and begin reading...
 55482 | Zot:2    | You add the spells Volatile Blastmotes, Dazzling Flash and
                  | Maxwell's Capacitive Coupling to your library.
 55508 | Zot:2    | Noticed a curse toe
 55510 | Zot:2    | your quicksilver dragon scales {rare} unmelds from your
                  | body.
 55510 | Zot:2    | your quicksilver dragon scales {rare} melds into your body.
 55524 | Zot:2    | Killed a curse toe
 55562 | Zot:2    | your quicksilver dragon scales {rare} unmelds from your
                  | body.
 55562 | Zot:2    | your quicksilver dragon scales {rare} melds into your body.
 55810 | Zot:2    | +0 shadow dragon scales {rare}; a +2 dire flail of
                  | protection
 55865 | Zot:3    | Reached skill level 24 in Unarmed Combat
 55881 | Zot:3    | Identified +7 gold dragon scales
 55881 | Zot:3    | Noticed Parghit
 56075 | Zot:3    | Found the +4 dragonskin cloak
 56075 | Zot:3    | Tiamat, Avatar of the Dragonlord comes into view. She is
                  | wielding a +0 demon trident of venom and wearing the +4
                  | dragonskin cloak.
 56075 | Zot:3    | Noticed Tiamat
 56090 | Zot:3    | Killed Tiamat
 56091 | Zot:3    | HP: 99/436 [yellow draconian annihilator/bolt of
                  | lightning[Tiamat] (50)]
 56094 | Zot:3    | HP: 40/436 [white draconian stormcaller (36)]
 56449 | Zot:3    | Killed Parghit
 56451 | Zot:3    | a +0 troll leather armour {Parghit}; +7 gold dragon scales
                  | {rare}; the troll corpse of Parghit
 56459 | Zot:3    | a +0 troll leather armour {Parghit}; +7 gold dragon scales
                  | {rare}; the troll corpse of Parghit
 56459 | Zot:3    | v - +7 gold dragon scales {rare}
 56475 | Zot:3    | your +7 gold dragon scales {rare} glow green for a moment.
 56487 | Zot:3    | Noticed a curse toe
 56490 | Zot:3    | Killed a curse toe
 56516 | Zot:3    | Reached skill level 25 in Shapeshifting
 56679 | Zot:3    | Reached skill level 22 in Fighting
 56776 | Zot:3    | Identified +0 gold dragon scales
 56777 | Zot:3    | Reached skill level 15 in Dodging
 56778 | Zot:3    | +0 gold dragon scales {rare}; a golden dragon corpse
 56781 | Zot:3    | +0 gold dragon scales {rare}; a golden dragon corpse
 56794 | Zot:3    | +0 gold dragon scales {rare}; a golden dragon corpse
 57307 | Zot:3    | Identified +0 gold dragon scales
 57311 | Zot:3    | +0 gold dragon scales {rare}; a golden dragon corpse
 57395 | Zot:3    | +0 gold dragon scales {rare}; a golden dragon corpse
 57586 | Zot:4    | Reached skill level 16 in Dodging
 57630 | Zot:4    | Identified +0 gold dragon scales
 57632 | Zot:4    | +0 gold dragon scales {rare}; a golden dragon corpse
 57918 | Zot:4    | Noticed an electric golem
 57927 | Zot:4    | Killed an electric golem
 58257 | Zot:4    | Reached XP level 27. HP: 296/302 MP: 31/31
 58258 | Zot:4    | +0 storm dragon scales {rare}; a storm dragon corpse
 58379 | Zot:4    | +0 storm dragon scales {rare}; a storm dragon corpse
 58543 | Zot:4    | Noticed a curse skull
 58548 | Zot:4    | Killed a curse skull
 58549 | Zot:4    | Noticed a curse skull
 58550 | Zot:4    | Noticed a curse toe
 58552 | Zot:4    | Killed a curse skull
 58563 | Zot:4    | Noticed a curse toe
 58567 | Zot:4    | Killed a curse toe
 58576 | Zot:4    | +0 storm dragon scales {rare}; a storm dragon skeleton
 58582 | Zot:4    | your quicksilver dragon scales {rare} unmelds from your
                  | body.
 58599 | Zot:4    | You finish taking off your quicksilver dragon scales
                  | {rare}.
 58604 | Zot:4    | You finish putting on your +8 gold dragon scales {rare}.
 58642 | Zot:4    | Reached skill level 1 in Armour
 58645 | Zot:4    | Killed a curse toe
 58655 | Zot:4    | You pick up a book of Displacement and begin reading...
 58655 | Zot:4    | You add the spells Lesser Beckoning, Gell's Gravitas and
                  | Teleport Other to your library.
 58767 | Zot:5    | Entered Level 5 of the Realm of Zot
 58876 | Zot:5    | Reached skill level 17 in Dodging
 58890 | Zot:5    | Reached skill level 2 in Armour
 59002 | Zot:5    | +0 shadow dragon scales {rare}; a shadow dragon corpse
 59099 | Zot:5    | Reached skill level 3 in Armour
 59223 | Zot:5    | Noticed an orb of fire
 59246 | Zot:5    | Reached skill level 4 in Armour
 59260 | Zot:5    | Killed an orb of fire
 59286 | Zot:5    | Reached skill level 23 in Fighting
 59389 | Zot:5    | your +8 gold dragon scales {rare} melds into your body.
 59501 | Zot:5    | Noticed a curse toe
 59502 | Zot:5    | Noticed an electric golem
 59504 | Zot:5    | Noticed an ancient lich
 59507 | Zot:5    | Killed a curse toe
 59737 | Zot:5    | Killed an electric golem
 59759 | Zot:5    | Reached skill level 18 in Dodging
 59773 | Zot:5    | Reached skill level 5 in Armour
 59781 | Zot:5    | Noticed an orb of fire
 59781 | Zot:5    | Noticed a curse toe
 59781 | Zot:5    | Noticed an electric golem
 59792 | Zot:5    | Noticed a dread lich
 59792 | Zot:5    | Noticed an orb of fire
 59792 | Zot:5    | Gained mutation: Armour fits poorly on your strangely
                  | shaped body. [an orb of fire]
 59796 | Zot:5    | Gained mutation: Potions are less effective at restoring
                  | your health. [an orb of fire]
 59798 | Zot:5    | Gained mutation: You have hidden genetic defects. [an orb
                  | of fire]
 59801 | Zot:5    | Killed an orb of fire
 59804 | Zot:5    | Killed a curse toe
 59813 | Zot:5    | Killed a dread lich
 59816 | Zot:5    | Killed an electric golem
 59824 | Zot:5    | Killed an orb of fire
 59851 | Zot:5    | Noticed an orb of fire
 59896 | Zot:5    | Noticed a dread lich
 59897 | Zot:5    | +0 storm dragon scales {rare}; a storm dragon corpse
 59906 | Zot:5    | Killed a dread lich
 59906 | Zot:5    | Noticed an ancient lich
 59907 | Zot:5    | +0 storm dragon scales {rare}; a storm dragon corpse
 59910 | Zot:5    | Killed an ancient lich
 59914 | Zot:5    | Gained mutation: You are frail. (-10% HP) [an orb of fire]
 59917 | Zot:5    | Killed an orb of fire
 59918 | Zot:5    | Lost mutation: You are weak. (Str -2) [potion of mutation]
 59918 | Zot:5    | Lost mutation: You are frail. (-10% HP) [potion of
                  | mutation]
 59918 | Zot:5    | Lost mutation: You are covered in thick fur. (AC +2)
                  | [potion of mutation]
 59918 | Zot:5    | Gained mutation: You are partially covered in iridescent
                  | scales. (AC +2) [potion of mutation]
 59918 | Zot:5    | Gained mutation: You are strong-willed. (Will+) [potion of
                  | mutation]
 59918 | Zot:5    | Noticed an orb of fire
 59921 | Zot:5    | Killed an orb of fire
 59980 | Zot:5    | Gained mutation: You are weak. (Str -2) [hidden defects]
 59990 | Zot:5    | Noticed a curse toe
 60000 | Zot:5    | your +8 gold dragon scales {rare} unmelds from your body.
 60029 | Zot:5    | Killed a curse toe
 60030 | Zot:5    | Reached skill level 24 in Fighting
 60062 | Zot:5    | Reached skill level 25 in Unarmed Combat
 60080 | Zot:5    | Got the Orb of Zot
 60150 | Zot:4    | your +8 gold dragon scales {rare} melds into your body.
 60753 | D:$      | Escaped with the Orb!

Vanquished Creatures
  the Royal Jelly (Slime:5)
  Tiamat (Zot:3)
  2 dread liches (Zot:5)
  2 ancient liches
  8 orbs of fire
  A juggernaut (Depths:4)
  3 royal mummies (Depths:2)
  Sojobo (Vaults:3)
  Parghit (Zot:3)
  Bai Suzhen (Crypt:3)
  Vv (Crypt:3)
  3 Killer Klowns (Zot:5)
  7 curse toes
  Saint Roka (Depths:2)
  16 golden dragons
  4 caustic shrikes (Depths:4)
  Nikola (Vaults:3)
  A profane servitor (Crypt:3)
  8 bone dragons
  3 electric golems
  23 tentacled monstrosities
  3 liches
  24 Orb Guardians
  A titan (Depths:3)
  17 acid blobs
  2 deep elf blademasters (Elf:3)
  2 Executioners
  13 sphinxes
  A deep elf master archer (Elf:3)
  4 quicksilver dragons
  4 ancient champions
  Frances (D:12)
  The ghost of Selrock the Warrior, an adept GrFi of Trog (Vaults:1)
  2 death cobs
  8 tengu reavers
  14 shadow dragons
  2 revenants
  Kirke (Swamp:2)
  Donald (Orc:2)
  Roxanne (Elf:2)
  18 azure jellies
  3 fire giants
  24 rockslimes
  17 draconian monks
  15 storm dragons
  7 draconian knights
  11 frost giants
  10 emperor scorpions
  A deep elf elementalist (Elf:3)
  9 deep elf sorcerers
  A balrug (Zot:3)
  An iron dragon (shapeshifter) (Vaults:5)
  An iron dragon (Vaults:5)
  16 vault wardens
  7 draconian scorchers
  4 curse skulls
  6 ghost moths
  Louise (Depths:4)
  13 ironbound preservers
  5 draconian stormcallers
  4 draconian shifters
  4 war gargoyles
  7 ghouls
  2 broodmothers (Spider:4)
  14 draconian annihilators
  An orc warlord (Vaults:1)
  10 quicksilver oozes
  17 formless jellyfish
  4 ironbound thunderhulks
  13 stone giants
  A reaper (Crypt:2)
  34 very ugly things
  10 vampire knights
  2 eleionomae
  17 green draconians
  4 deep elf demonologists
  2 lorocyprocas
  14 purple draconians
  Azrael (Spider:1)
  17 yellow draconians
  21 black draconians
  7 bunyips
  15 dire elephants
  22 red draconians
  9 deep elf annihilators
  A minotaur (Lair:3)
  16 white draconians
  8 eidola
  8 ettins
  3 spark wasps (Spider:4)
  9 deep elf death magi
  A green death (Zot:3)
  An ettin (shapeshifter) (Elf:1)
  5 fire dragons
  3 mummy priests (Depths:2)
  6 entropy weavers
  2 shambling mangroves
  19 jiangshi
  A great orb of eyes (shapeshifter) (Vaults:5)
  An entropy weaver (shapeshifter) (Vaults:5)
  A rakshasa (Depths:2)
  13 great orbs of eyes
  14 yaktaur captains
  6 deep elf high priests
  3 peacekeepers
  7 boulder beetles
  4 ghost crabs
  6 ice dragons
  2 spriggan zombies (Depths:1)
  7 ogre magi
  33 vault guards
  3 hell beasts
  3 spriggan air magi
  A spriggan skeleton (Crypt:1)
  The ghost of Lout the Skirmisher, a journeyman KoHu of Hepliaklqana (Lair:3)
  2 radroaches
  16 hydras
  2 catoblepae
  2 centaur warriors
  13 ironbound frosthearts
  4 alligators
  13 dancing weapons
  26 two-headed ogres
  7 death knights
  9 deep troll earth magi
  4 hell hogs
  The ghost of DocEon the Mimic, a novice DrSh of Elyvilon (D:9)
  4 tengu warriors
  2 vampire magi
  7 deep troll shamans
  25 demonic crawlers
  12 death yaks
  5 spriggan berserkers (Depths:4)
  5 large abominations
  A wretched star (Abyss:4)
  A spectral naga (Crypt:3)
  A skyshark (Lair:2)
  13 hell knights
  2 soul eaters
  9 iron trolls
  A storm dragon zombie (Crypt:1)
  19 deep elf knights
  A skyshark (shapeshifter) (Vaults:5)
  A sun demon (Abyss:4)
  2 sun moths
  9 pharaoh ants
  3 death drakes (Depths:4)
  4 shadow wraiths
  A goliath frog (Swamp:2)
  4 flayed ghosts
  17 orb spiders
  28 skeletal warriors
  44 deep trolls
  2 spriggan druids
  4 orc knights
  17 phantasmal warriors
  10 swamp dragons
  6 bog bodies
  30 deep elf archers
  5 glowing orange brains
  2 bunyip skeletons
  8 wizards
  9 lindwurms
  8 necromancers
  11 steelbarb worms
  21 ironbound convokers
  3 orc sorcerers
  7 starcursed masses
  34 deep elf zephyrmancers
  9 shining eyes
  3 salamanders (Volcano)
  A manticore (D:13)
  27 wolf spiders
  A stone giant zombie (Vaults:3)
  37 deep elf pyromancers
  A shadow dragon zombie (Vaults:4)
  A cyclops (shapeshifter) (Vaults:5)
  2 tengu skeletons
  2 fire giant zombies (Depths:2)
  10 cyclopes
  41 ugly things
  2 will-o-the-wisps
  A salamander (shapeshifter) (D:9)
  A spectral centaur (Crypt:3)
  25 elephants
  A frost giant skeleton (Vaults:4)
  24 moths of wrath
  A human skeleton (Vaults:4)
  A guardian serpent (D:15)
  A fire giant skeleton (Depths:1)
  An apocalypse crab (Abyss:4)
  An ice statue (IceCv)
  3 black mambas
  105 slime creatures
  An orange demon (Abyss:4)
  5 molten gargoyles (Volcano)
  22 vault sentinels
  8 torpor snails
  4 smoke demons
  4 gargoyles
  4 eyes of devastation
  9 cane toads
  A torpor snail (shapeshifter) (D:15)
  4 unseen horrors
  7 komodo dragons
  A hellion (Depths:3)
  5 rime drakes
  A komodo dragon (shapeshifter) (Abyss:4)
  Psyche (D:8)
  A sea snake zombie (Crypt:2)
  6 freezing wraiths
  2 efreet
  3 kobold demonologists (D:12)
  2 tengu conjurers
  46 yaktaurs
  2 ancient zymes
  2 guardian mummies (Depths:2)
  A queen bee (shapeshifter) (Vaults:5)
  A death drake zombie (Crypt:1)
  8 trolls
  A wind drake (shapeshifter) (D:9)
  12 polar bears
  2 death drake skeletons (Crypt:1)
  11 tyrant leeches
  21 blink frogs
  A boulder beetle zombie (Crypt:1)
  A hellwing (Depths:3)
  12 hornets
  26 tarantellas
  An ettin zombie (Crypt:1)
  6 raiju
  A fire giant simulacrum (Vaults:2)
  52 flying skulls
  2 snapping turtles (shapeshifter)
  28 jumping spiders
  2 air elementals (Elf:1)
  19 culicivoras
  A centaur simulacrum (D:15)
  2 vampires
  A culicivora (shapeshifter) (D:9)
  10 spriggans
  2 spriggans (shapeshifter)
  A naga simulacrum (Crypt:1)
  3 deep troll skeletons
  8 shadows
  6 water elementals
  11 wraiths
  A yak (shapeshifter) (Elf:1)
  45 yaks
  4 fire elementals
  A wyvern (Lair:3)
  15 golden eyes
  3 hogs (Swamp:2)
  4 neqoxecs
  2 basilisks (Lair:3)
  An ettin skeleton (Vaults:4)
  52 redbacks
  3 chaos spawn
  3 steam dragons
  18 vampire mosquitoes
  4 wargs
  A two-headed ogre zombie (Crypt:1)
  13 swamp worms
  2 acid dragons
  Duvessa (D:4)
  A glowing shapeshifter zombie (Depths:2)
  10 water moccasins
  9 swamp drakes
  A floating eye (Zot:4)
  13 hell hounds
  22 orc warriors
  A two-headed ogre skeleton (Crypt:1)
  A hornet zombie (D:8)
  2 sky beasts
  2 ice beasts
  3 black bears
  7 small abominations
  30 ogres
  3 centaurs
  34 wolves
  5 phantoms
  Blork the orc (D:5)
  5 kobold brigands
  4 earth elementals
  5 necrophages
  3 gnoll sergeants
  A wyvern zombie (D:8)
  2 scorpions
  An ogre simulacrum (Vaults:2)
  12 bullfrogs
  5 wights (D:10)
  A yaktaur skeleton (Crypt:2)
  A komodo dragon skeleton (Crypt:2)
  2 troll zombies
  Dowan (D:4)
  7 howler monkeys
  4 electric eels
  4 hounds
  4 centaur zombies (D:8)
  A gnoll bouda (D:5)
  14 orc priests
  An iron imp (D:5)
  A sleepcap (D:5)
  A boggart zombie (Crypt:2)
  18 orc wizards
  2 hell rats (Lair:3)
  5 ogre zombies (D:11)
  A deep dwarf zombie (Crypt:2)
  A mummy (Depths:2)
  3 howler monkey zombies (D:8)
  31 gnolls
  12 adders
  11 river rats (Lair:3)
  A swamp drake skeleton (Crypt:2)
  2 white imps
  An ufetubus (Abyss:4)
  An iguana skeleton (Crypt:1)
  2 worms (D:2)
  2 dart slugs
  62 orcs
  A bat skeleton (Crypt:1)
  3 endoplasms
  A giant cockroach (D:1)
  A gnoll zombie (Crypt:1)
  6 hobgoblins
  8 jackals
  2 quokkas
  7 ball pythons
  8 bats
  4 frilled lizards
  A frilled lizard skeleton (Crypt:2)
  8 goblins
  3 goblin skeletons
  2 goblin zombies (D:11)
  2 hobgoblin zombies (D:11)
  21 kobolds
  3 orc skeletons (D:11)
  10 orc zombies (D:11)
  5 rats
  A lurking horror (Slime:4)
2644 creatures vanquished.

Vanquished Creatures (collateral kills)
  the Lernaean hydra (Swamp:4)
  2 Orb Guardians (Zot:5)
  A green draconian (Zot:5)
  A flying skull (Crypt:3)
5 creatures vanquished.

Vanquished Creatures (others)
  A deep elf zephyrmancer (Elf:1)
  2 bloated husks (Swamp:2)
  A hornet (Swamp:2)
  A jumping spider (Spider:2)
  A human (Swamp:2)
  A kobold (D:8)
  8 foxfires
15 creatures vanquished.

Grand Total: 2664 creatures vanquished

Table legend:
 A = Non-vault XP
 B = Vault XP
 C = Vault XP percentage of total XP
 D = Non-vault monster count
 E = Vault monster count
 F = Vault count percentage of total count
                 A         B        C        D         E       F
            +---------+---------+-------+---------+---------+-------
      Total |  865482 |  823103 |  48.7 |    1566 |    1039 |  39.9
            +---------+---------+-------+---------+---------+-------
        D:1 |      17 |       0 |   0.0 |      13 |       0 |   0.0
        D:2 |      65 |       0 |   0.0 |      26 |       0 |   0.0
        D:3 |      96 |       5 |   5.0 |      18 |       2 |  10.0
        D:4 |     329 |     256 |  43.8 |      21 |       8 |  27.6
        D:5 |     992 |     138 |  12.2 |      28 |       2 |   6.7
        D:6 |     959 |       0 |   0.0 |      23 |       0 |   0.0
        D:7 |     731 |       0 |   0.0 |      10 |       0 |   0.0
        D:8 |    2138 |     808 |  27.4 |      23 |      14 |  37.8
        D:9 |    1678 |    5263 |  75.8 |      20 |      16 |  44.4
       D:10 |    2254 |     406 |  15.3 |      16 |       1 |   5.9
       D:11 |    3739 |     760 |  16.9 |      18 |      28 |  60.9
       D:12 |    7349 |    2684 |  26.8 |      34 |       4 |  10.5
       D:13 |    8016 |    4176 |  34.3 |      14 |       8 |  36.4
       D:14 |    9524 |     836 |   8.1 |      21 |       1 |   4.5
       D:15 |    4596 |    6091 |  57.0 |      10 |       8 |  44.4
     Lair:1 |    3251 |       0 |   0.0 |      10 |       0 |   0.0
     Lair:2 |    4931 |    4107 |  45.4 |      23 |      17 |  42.5
     Lair:3 |   16189 |    5024 |  23.7 |      47 |      21 |  30.9
     Lair:4 |    5967 |       0 |   0.0 |      21 |       0 |   0.0
     Lair:5 |    2675 |   10273 |  79.3 |       9 |      22 |  71.0
    Swamp:1 |    6135 |       0 |   0.0 |      18 |       0 |   0.0
    Swamp:2 |   10678 |    1942 |  15.4 |      19 |       4 |  17.4
    Swamp:3 |   15136 |       0 |   0.0 |      26 |       0 |   0.0
    Swamp:4 |   13798 |   16409 |  54.3 |      28 |      25 |  47.2
   Spider:1 |   19014 |   15662 |  45.2 |      49 |      31 |  38.8
   Spider:2 |   24215 |    7209 |  22.9 |      62 |      10 |  13.9
   Spider:3 |   12106 |       0 |   0.0 |      25 |       0 |   0.0
   Spider:4 |   19888 |   24339 |  55.0 |      42 |      36 |  46.2
    Slime:1 |   16690 |       0 |   0.0 |      40 |       0 |   0.0
    Slime:2 |   12260 |       0 |   0.0 |      22 |       0 |   0.0
    Slime:3 |   19788 |       0 |   0.0 |      29 |       0 |   0.0
    Slime:4 |   15970 |       0 |   0.0 |      23 |       0 |   0.0
    Slime:5 |   15430 |   28016 |  64.5 |      26 |      20 |  43.5
      Orc:1 |    3634 |    1109 |  23.4 |      32 |       3 |   8.6
      Orc:2 |    6254 |   17876 |  74.1 |      29 |      38 |  56.7
      Elf:1 |   17571 |    9276 |  34.6 |      29 |      16 |  35.6
      Elf:2 |   29657 |    2180 |   6.8 |      47 |       2 |   4.1
      Elf:3 |   38027 |   27819 |  42.2 |      60 |      25 |  29.4
   Vaults:1 |   14871 |   21966 |  59.6 |      18 |      29 |  61.7
   Vaults:2 |   31859 |   36000 |  53.1 |      47 |      51 |  52.0
   Vaults:3 |   19749 |   27238 |  58.0 |      29 |      24 |  45.3
   Vaults:4 |   26950 |   26615 |  49.7 |      41 |      33 |  44.6
   Vaults:5 |   20032 |   71524 |  78.1 |      31 |      74 |  70.5
    Crypt:1 |   28115 |       0 |   0.0 |      48 |       0 |   0.0
    Crypt:2 |   21004 |       0 |   0.0 |      35 |       0 |   0.0
    Crypt:3 |       0 |   75237 | 100.0 |       0 |     127 | 100.0
   Depths:1 |   23615 |    4063 |  14.7 |      29 |       5 |  14.7
   Depths:2 |   20578 |   28522 |  58.1 |      25 |      26 |  51.0
   Depths:3 |   21776 |   41638 |  65.7 |      24 |      46 |  65.7
   Depths:4 |   36036 |   64954 |  64.3 |      27 |      55 |  67.1
      Zot:1 |   28677 |       0 |   0.0 |      20 |       0 |   0.0
      Zot:2 |   44606 |   14058 |  24.0 |      33 |      10 |  23.3
      Zot:3 |   49513 |   59338 |  54.5 |      39 |      48 |  55.2
      Zot:4 |   31107 |   32091 |  50.8 |      24 |      25 |  51.0
      Zot:5 |   56475 |  100064 |  63.9 |      44 |      40 |  47.6
    Abyss:3 |    3530 |       0 |   0.0 |      11 |       0 |   0.0
    Abyss:4 |   15242 |       0 |   0.0 |      30 |       0 |   0.0
     Bailey |       0 |    1933 | 100.0 |       0 |      12 | 100.0
      IceCv |       0 |   16733 | 100.0 |       0 |      55 | 100.0
    Volcano |       0 |    8465 | 100.0 |       0 |      17 | 100.0
            +---------+---------+-------+---------+---------+-------

Skill      XL: |  1  2  3  4  5  6  7  8  9 10 11 12 13 14 15 16 17 18 19 20 21 22 23 24 25 26 27 |
---------------+----------------------------------------------------------------------------------+-----
Fighting       | 1 2 3 4 5 6 7 8 10 11 12 13 15 16 17 18 19 20 21 22 24 | 24.2
Unarmed Combat | 4 5 6 8 9 10 12 14 15 16 17 18 19 20 21 22 23 24 25 | 25.0
Shapeshifting  | 4 5 7 8 10 13 16 17 20 21 22 23 24 25 | 25.2
Throwing       | 1 4 5 8 10 | 10.0
Dodging        | 2 5 6 7 9 10 11 13 14 16 18 | 18.0
Transmutations | 4 5 |  5.0
Translocations | 4 5 7 8 |  8.0
Spellcasting   | 4 5 6 |  6.0
Armour         | 5 |  5.0

Action                     |  1- 3 |  4- 6 |  7- 9 | 10-12 | 13-15 | 16-18 | 19-21 | 22-24 | 25-27 || total
---------------------------+-------+-------+-------+-------+-------+-------+-------+-------+-------++-------
  Melee: Unarmed           |    99 |    96 |   253 |   514 |   923 |  1237 |  1094 |  1248 |  1325 ||  6789
         Punch             |     2 |     3 |     6 |    34 |   100 |   127 |   131 |   185 |   259 ||   847
         Constrict         |       |       |       |     9 |     6 |    54 |       |       |       ||    69
         Tailslap          |       |       |       |       |       |    24 |   165 |    85 |   124 ||   398
         Bite              |       |       |       |       |       |    21 |   131 |    60 |   103 ||   315
  Throw: Dart              |       |       |     4 |     7 |    25 |   130 |       |       |       ||   166
         Boomerang         |       |       |       |       |    23 |    34 |       |    49 |    20 ||   126
         Large rock        |       |       |       |       |     4 |     4 |       |       |       ||     8
         Javelin           |       |       |       |       |       |       |       |     4 |       ||     4
   Cast: Wereblood         |       |       |       |       |       |       |     1 |       |     2 ||     3
 Invoke: Serpent's Lash    |       |       |     3 |     7 |    13 |     8 |    28 |    28 |    30 ||   117
         Heavenly Storm    |       |       |       |       |       |       |     1 |     1 |     1 ||     3
Ability: Lunge             |     7 |    12 |    34 |    80 |   111 |   141 |   163 |   169 |   167 ||   884
         Whirlwind         |     4 |     6 |    44 |    79 |   111 |    92 |   170 |   120 |   122 ||   748
         Breathe Fire      |       |       |       |       |       |     2 |     4 |     2 |       ||     8
  Evoke: Wand              |       |       |       |     1 |     5 |     4 |     2 |       |     1 ||    13
         Phantom mirror    |       |       |       |       |       |       |       |     1 |       ||     1
    Use: Scroll            |       |       |    14 |     3 |    15 |     7 |     7 |     5 |    22 ||    73
         Potion            |       |       |       |     1 |     1 |     7 |     3 |     5 |    13 ||    30
   Stab: Sleeping          |     2 |       |       |       |       |       |     2 |       |     4 ||     8
         Paralysed         |       |       |       |     1 |     1 |       |       |       |       ||     2
         Petrifying        |       |       |       |     1 |     2 |       |       |       |       ||     3
         Petrified         |       |       |       |       |    15 |       |       |       |       ||    15
         Held in net/web   |       |       |       |       |       |     1 |       |       |       ||     1
         Invisible         |       |       |       |       |       |     3 |       |       |       ||     3
         Distracted        |       |       |       |       |       |       |       |     2 |     1 ||     3
 Armour: Animal skin       |    36 |       |       |       |       |       |       |       |       ||    36
         Robe              |     7 |    38 |    89 |       |       |       |       |       |       ||   134
         Quicksilver drago |       |       |    61 |   281 |   460 |   722 |       |   124 |   194 ||  1842
         Skin              |       |       |       |    18 |    65 |   420 |   624 |   720 |   430 ||  2277
         Gold dragon scale |       |       |       |       |       |       |       |       |   120 ||   120
  Dodge: Dodged            |    44 |    24 |    95 |   136 |   284 |   555 |   236 |   465 |   388 ||  2227
  Block: Other             |       |       |       |       |       |    35 |    99 |   171 |   105 ||   410
         Reflection        |       |       |       |       |       |     1 |    33 |    10 |     4 ||    48
   Form: Beast             |       |     1 |       |       |     1 |     1 |       |       |       ||     3
         Flux              |       |     1 |       |       |       |       |       |       |       ||     1
         Anaconda          |       |       |       |     1 |       |     2 |       |       |       ||     3
         Dragon            |       |       |       |       |       |     1 |     1 |     2 |     3 ||     7
                           |       |       |       |       |       |       |     1 |       |       ||     1
         Statue            |       |       |       |       |       |       |       |     1 |       ||     1
         Death             |       |       |       |       |       |       |       |     1 |     3 ||     4

Illustrated notes

Table legend:
 A = Kills in this place as a percentage of kills in the entire game.
 B = Kills by you in this place as a percentage of kills by you in the entire game.
 C = Kills by friends in this place as a percentage of kills by friends in the entire game.
 D = Other kills in this place as a percentage of other kills in the entire game.
 E = Experience gained in this place as a percentage of experience gained in the entire game.
 F = Experience gained in this place divided by the number of levels of this place that you have seen.
                   A       B       C       D       E      F
               +-------+-------+-------+-------+-------+----------------------
         Total | 100.0 | 100.0 | 100.0 | 100.0 | 100.0 | 27860.0
       Dungeon |  14.9 |  15.0 |   0.0 |   0.0 |   4.0 | 4563.7
          Lair |   6.5 |   6.5 |   0.0 |   0.0 |   3.1 | 10483.4
         Swamp |   4.6 |   4.6 |  20.0 |   0.0 |   3.8 | 16024.5
   Spider Nest |   9.7 |   9.7 |   0.0 |  50.0 |   7.2 | 30608.2
    Slime Pits |   6.1 |   6.1 |   0.0 |   0.0 |   6.4 | 21630.8
  Orcish Mines |   3.9 |   3.9 |   0.0 |   0.0 |   1.7 | 14436.5
   Elven Halls |   6.8 |   6.8 |   0.0 |  50.0 |   7.3 | 41510.0
        Vaults |  14.4 |  14.4 |   0.0 |   0.0 |  17.5 | 59360.8
         Crypt |   8.0 |   8.0 |  20.0 |   0.0 |   7.3 | 41452.0
        Depths |   9.2 |   9.3 |   0.0 |   0.0 |  14.5 | 61692.2
           Zot |  11.0 |  10.9 |  60.0 |   0.0 |  24.5 | 83333.0
         Abyss |   1.6 |   1.6 |   0.0 |   0.0 |   1.1 | 9386.0
        Bailey |   0.5 |   0.5 |   0.0 |   0.0 |   0.1 | 1933.0
      Ice Cave |   2.1 |   2.1 |   0.0 |   0.0 |   1.0 | 16733.0
       Volcano |   0.6 |   0.7 |   0.0 |   0.0 |   0.5 | 8465.0
               +-------+-------+-------+-------+-------+----------------------

Table legend: (Time is in decaauts)
 A = Elapsed time spent in this place.
 B = Non-inter-level travel time spent in this place.
 C = Inter-level travel time spent in this place.
 D = Time resting spent in this place.
 E = Time spent auto-exploring this place.
 F = Levels seen in this place.
 G = Mean time per level.
                   A        B        C        D        E       F      G
               +--------+--------+--------+--------+--------+-----+--------+
         Total |  60681 |  53352 |   7329 |   7518 |  19877 |  61 |  994.8 |
       Dungeon |  15414 |  12774 |   2640 |    461 |   8449 |  15 | 1027.6 |
          Lair |   4753 |   3753 |   1000 |    215 |   1516 |   5 |  950.6 |
         Swamp |   2849 |   2564 |    285 |    264 |    679 |   4 |  712.2 |
   Spider Nest |   4340 |   3912 |    428 |    690 |      0 |   4 | 1085.0 |
    Slime Pits |   2982 |   2688 |    294 |    600 |    263 |   5 |  596.4 |
  Orcish Mines |   1538 |   1253 |    285 |     88 |    165 |   2 |  769.0 |
   Elven Halls |   3716 |   3349 |    367 |    543 |   1274 |   3 | 1238.7 |
        Vaults |   8128 |   7400 |    728 |   1763 |   2418 |   5 | 1625.6 |
         Crypt |   4256 |   3888 |    368 |    369 |   1339 |   3 | 1418.7 |
        Depths |   5047 |   4333 |    714 |    777 |   1964 |   4 | 1261.8 |
           Zot |   5926 |   5709 |    217 |   1492 |   1788 |   5 | 1185.2 |
         Abyss |    296 |    296 |      0 |     67 |      0 |   2 |  148.0 |
         Trove |     42 |     42 |      0 |      0 |      0 |   1 |   42.0 |
        Bailey |    305 |    305 |      0 |     18 |     22 |   1 |  305.0 |
      Ice Cave |    643 |    643 |      0 |     87 |      0 |   1 |  643.0 |
       Volcano |    438 |    438 |      0 |     81 |      0 |   1 |  438.0 |
               +--------+--------+--------+--------+--------+-----+--------+

Top non-repeatable levels by time:
Vaults:4: 2173 daAuts
 Crypt:3: 1737 daAuts
Depths:4: 1712 daAuts
    D:15: 1710 daAuts
Vaults:2: 1704 daAuts
Vaults:3: 1650 daAuts
   Elf:3: 1514 daAuts
   Zot:2: 1417 daAuts
    D:11: 1411 daAuts
Vaults:5: 1382 daAuts
   Zot:4: 1341 daAuts
   Elf:1: 1321 daAuts
  Lair:3: 1292 daAuts
 Crypt:1: 1274 daAuts
Depths:1: 1262 daAuts
